Workbook
Name Anticipo_Financiero: #REF!
Name Anticipo_Financiero: Datos!$C$8
Name Beneficio: #REF!
Name Beneficio: Datos!$C$16
Name Cant_Viv_P1: #REF!
Name Cant_Viv_P1: [2]P1!$B$5
Name Cant_Viv_P2: #REF!
Name Cant_Viv_P2: [2]P2!$B$5
Name Cant_Viv_P3: #REF!
Name Cant_Viv_P3: [2]P3!$B$5
Name Coef_Paso_Infraestructura: #REF!
Name Coef_Paso_Infraestructura: [2]Datos!$C$20
Name Coef_Paso_Vivienda: #REF!
Name Coef_Paso_Vivienda: [2]Datos!$C$19
Name Coeficiente_Paso: #REF!
Name Coeficiente_Paso: Datos!$C$19
Name Comiten: #REF!
Name Comiten: [3]Datos!$C$1
Name Comitente: #REF!
Name Comitente: Datos!$C$2
Name Contratista: #REF!
Name Contratista: Datos!$C$13
Name Costo_Financiero: #REF!
Name Costo_Financiero: Datos!$C$14
Name Costo_Obra: CyP!$F$39
Name Empresa: #REF!
Name Empresa: [3]Datos!$C$12
Name Expediente_N°: #REF!
Name Expediente_N°: Datos!$C$6
Name Fecha_Apertura: #REF!
Name Fecha_Apertura: [2]Datos!$C$8
Name Fecha_Base: #REF!
Name Fecha_Base: Datos!$C$9
Name Gasto_Generales_Porcentaje: #REF!
Name Gasto_Generales_Porcentaje: Datos!$C$15
Name Gastos_Generales: #REF!
Name Gastos_Generales: [2]Datos!$C$14
Name Gastos_Generales_Pesos: #REF!
Name Gastos_Generales_Pesos: 'Gastos Generales'!$C$48
Name GG_Empresa: #REF!
Name GG_Empresa: 'Gastos Generales'!$C$36
Name GG_Obra: #REF!
Name GG_Obra: 'Gastos Generales'!$C$11
Name Ingresos_Brutos: #REF!
Name Ingresos_Brutos: Datos!$C$17
Name IVA: #REF!
Name IVA: Datos!$C$18
Name IVA_Infraestructura: #REF!
Name IVA_Infraestructura: [2]Datos!$C$18
Name IVA_Vivienda: #REF!
Name IVA_Vivienda: [2]Datos!$C$17
Name Licitación_N°: #REF!
Name Licitación_N°: Datos!$C$5
Name MO_LETRAS: 'Números a Letras'!$C$27
Name Monto_Oferta: CyP!$H$39
Name Monto_Terreno: #REF!
Name Monto_Terreno: [2]Datos!$C$21
Name NRUBRO: 'Números a Letras'!#REF!
Name Número_Expediente: #REF!
Name Número_Expediente: [2]Datos!$C$5

Sheet Indices
B1: Cuadro 1. Índices del Capítulo Materiales, mayor desagregación disponible
A3: Codigo Unificado | B3: Código | E3: Descripción
B4: CPC1
A6: =CONCATENATE("INDEC-CM - ",B6,C6,D6) -> INDEC-CM - 37210-51 | B6: 37210 | C6: - | D6: 51 | E6: Accesorios de loza para baño de calidad media
A7: =CONCATENATE("INDEC-CM - ",B7,C7,D7) -> INDEC-CM - 37210-52 | B7: 37210 | C7: - | D7: 52 | E7: Accesorios de loza para baño de calidad inferior
A8: =CONCATENATE("INDEC-CM - ",B8,C8,D8) -> INDEC-CM - 42911-81 | B8: 42911 | C8: - | D8: 81 | E8: Accesorios metálicos para baño
A9: =CONCATENATE("INDEC-CM - ",B9,C9,D9) -> INDEC-CM - 41242-11 | B9: 41242 | C9: - | D9: 11 | E9: Acero aletado conformado, en barra
A10: =CONCATENATE("INDEC-CM - ",B10,C10,D10) -> INDEC-CM - 37440-21 | B10: 37440 | C10: - | D10: 21 | E10: Adhesivo para pisos y revestimientos cerámicos
A11: =CONCATENATE("INDEC-CM - ",B11,C11,D11) -> INDEC-CM - 38130-13 | B11: 38130 | C11: - | D11: 13 | E11: Alacena de cocina de madera, de calidad inferior
A12: =CONCATENATE("INDEC-CM - ",B12,C12,D12) -> INDEC-CM - 38130-12 | B12: 38130 | C12: - | D12: 12 | E12: Alacena de cocina de madera, de calidad media
A13: =CONCATENATE("INDEC-CM - ",B13,C13,D13) -> INDEC-CM - 38130-11 | B13: 38130 | C13: - | D13: 11 | E13: Alacena de cocina de madera, de calidad superior
A14: =CONCATENATE("INDEC-CM - ",B14,C14,D14) -> INDEC-CM - 27230-11 | B14: 27230 | C14: - | D14: 11 | E14: Alfombra de pelo cortado de material sintético, con colocación
A15: =CONCATENATE("INDEC-CM - ",B15,C15,D15) -> INDEC-CM - 44821-11 | B15: 44821 | C15: - | D15: 11 | E15: Anafe a gas
A16: =CONCATENATE("INDEC-CM - ",B16,C16,D16) -> INDEC-CM - 37560-11 | B16: 37560 | C16: - | D16: 11 | E16: Anillo para cámara de inspección de PVC
A17: =CONCATENATE("INDEC-CM - ",B17,C17,D17) -> INDEC-CM - 15400-11 | B17: 15400 | C17: - | D17: 11 | E17: Arcilla expandida
... A220: =CONCATENATE("INDEC-CM - ",B220,C220,D220) -> INDEC-CM - 37540-21 | B220: 37540 | C220: - | D220: 21 | E220: Zócalo granítico
B223: Cuadro 2. Índices del Capítulo Materiales, desagregación inmediata superior disponible
A225: Codigo Unificado | B225: Código | E225: Descripción
B226: CPC1
A227: =CONCATENATE(B227,C227,D227)
A228: =CONCATENATE("INDEC-CM - ",B228,C228,D228) -> INDEC-CM - 37370-0 | B228: 37370 | C228: - | D228: 0 | E228: Baldosas y losas para pavimentos, cubos de mosaicos de cerámicos y artículos similares (incluye: Azulejo, Baldosa cerámica esmaltada y Baldosa cerámica roja)
A229: =CONCATENATE("INDEC-CM - ",B229,C229,D229) -> INDEC-CM - 31600-6 | B229: 31600 | C229: - | D229: 6 | E229: Cajonera para placard (incluye: Cajonera para placard de calidad inferior, media y superior)
A230: =CONCATENATE("INDEC-CM - ",B230,C230,D230) -> INDEC-CM - 41278-0 | B230: 41278 | C230: - | D230: 0 | E230: Accesorios para tubos o caños, de hierro o acero (incluye: Codo de hierro negro con revestimiento epoxi de 0,013 m y de 0,025 m, Codo tipo PROSA, Conector de chapa cincada, Curva de hierro fundido, Curva de hierro negro con revestimiento epoxi, Embutido de hierro fundido, Empalme tipo PROSA, Pileta de piso tipo PROSA y Ramal de hierro fundido)
A231: =CONCATENATE("INDEC-CM - ",B231,C231,D231) -> INDEC-CM - 31600-7 | B231: 31600 | C231: - | D231: 7 | E231: Estantes y divisiones para placard (incluye: Estantes y divisiones para placard de calidad inferior, media y superior)
A232: =CONCATENATE("INDEC-CM - ",B232,C232,D232) -> INDEC-CM - 42120-41/42/51 | B232: 42120 | C232: - | D232: 41/42/51 | E232: Ventana corrediza metálica y ventiluz metálico (incluye: Ventana corrediza metálica, Ventana corrediza metálica con vidrio repartido y Ventiluz metálico)
B235: Cuadro 1. Índices del Capítulo Mano de Obra, mayor desagregación disponible
A237: Codigo Unificado | B237: Código | E237: Aperturas
E239: Mano de obra
E241: Mano de obra asalariada
E243: Mano de obra directa (en Albañilería y H. Armado)
A244: =CONCATENATE("INDEC-MO - ",B244,C244,D244) -> INDEC-MO - 51560-11 | B244: 51560 | C244: - | D244: 11 | E244: Oficial especializado
A245: =CONCATENATE("INDEC-MO - ",B245,C245,D245) -> INDEC-MO - 51560-12 | B245: 51560 | C245: - | D245: 12 | E245: Oficial
A246: =CONCATENATE("INDEC-MO - ",B246,C246,D246) -> INDEC-MO - 51560-13 | B246: 51560 | C246: - | D246: 13 | E246: Medio Oficial
A247: =CONCATENATE("INDEC-MO - ",B247,C247,D247) -> INDEC-MO - 51560-14 | B247: 51560 | C247: - | D247: 14 | E247: Ayudante
A248: =CONCATENATE(B248,C248,D248)
A249: =CONCATENATE("INDEC-MO - ",B249,C249,D249) -> INDEC-MO - 51560-32 | B249: 51560 | C249: - | D249: 32 | E249: Mano de obra indirecta (capataz de primera2)
A250: =CONCATENATE(B250,C250,D250)
A251: =CONCATENATE("INDEC-MO - ",B251,C251,D251) -> INDEC-MO - 81291-1 | B251: 81291 | C251: - | D251: 1 | E251: Seguro de Accidentes de Trabajo3
A252: =CONCATENATE(B252,C252,D252)
A253: =CONCATENATE(B253,C253,D253) | E253: Subcontratos de mano de obra
A254: =CONCATENATE("INDEC-MO - ",B254,C254,D254) -> INDEC-MO - 51641-1 | B254: 51641 | C254: - | D254: 1 | E254: Instalación eléctrica
A255: =CONCATENATE("INDEC-MO - ",B255,C255,D255) -> INDEC-MO - 51620-1 | B255: 51620 | C255: - | D255: 1 | E255: Instalación sanitaria
A256: =CONCATENATE("INDEC-MO - ",B256,C256,D256) -> INDEC-MO - 51690-1 | B256: 51690 | C256: - | D256: 1 | E256: Instalación contra incendio
A257: =CONCATENATE("INDEC-MO - ",B257,C257,D257) -> INDEC-MO - 51630-1 | B257: 51630 | C257: - | D257: 1 | E257: Instalación de gas
A259: =CONCATENATE("INDEC-MO - ",B259,C259,D259) -> INDEC-MO - 51730-1 | B259: 51730 | C259: - | D259: 1 | E259: Pintura
B262: Cuadro 2. Índices del Capítulo Mano de Obra, desagregación disponible
A264: Codigo Unificado | B264: Código | E264: Aperturas
A267: =CONCATENATE("INDEC-MO - ",B267,C267,D267) -> INDEC-MO - 51720-1 | B267: 51720 | C267: - | D267: 1 | E267: Yesería (incluye: mano de obra de subcontrato de yesería y sus materiales intervinientes para dicho ítem)
B271: Índice de precios de equipos para la construcción
A273: Codigo Unificado | B273: Código | E273: Concepto
B274: CPC1
A276: =CONCATENATE("INDEC-EC - ",B276,C276,D276) -> INDEC-EC - 43520-11 | B276: 43520 | C276: - | D276: 11 | E276: Guinche 1200 Kg.
A277: =CONCATENATE("INDEC-EC - ",B277,C277,D277) -> INDEC-EC - 44440-2 | B277: 44440 | C277: - | D277: 2 | E277: Hormigoneras de 130 a 300 litros
A278: =CONCATENATE("INDEC-EC - ",B278,C278,D278) -> INDEC-EC - 44221-11 | B278: 44221 | C278: - | D278: 11 | E278: Mesa de corte de cerámicos
A279: =CONCATENATE("INDEC-EC - ",B279,C279,D279) -> INDEC-EC - 44221-12 | B279: 44221 | C279: - | D279: 12 | E279: Mesa de corte de mosaicos
A280: =CONCATENATE("INDEC-EC - ",B280,C280,D280) -> INDEC-EC - 43520-21 | B280: 43520 | C280: - | D280: 21 | E280: Pluma 300 Kg.
A281: =CONCATENATE("INDEC-EC - ",B281,C281,D281) -> INDEC-EC - 44231-21 | B281: 44231 | C281: - | D281: 21 | E281: Taladro percutor
A283: =CONCATENATE("INDEC-EC - ",B283,C283,D283) -> INDEC-EC - 44231-11 | B283: 44231 | C283: - | D283: 11 | E283: Vibrador a péndulo
B286: Índice de precios de algunos servicios
A288: Codigo Unificado | B288: Código | E288: Servicios de alquiler
B289: CPC1
A291: =CONCATENATE("INDEC-SA - ",B291,C291,D291) -> INDEC-SA - 83107-1 | B291: 83107 | C291: - | D291: 1 | E291: Andamios
A292: =CONCATENATE("INDEC-SA - ",B292,C292,D292) -> INDEC-SA - 71240-21 | B292: 71240 | C292: - | D292: 21 | E292: Camión con acoplado2
A293: =CONCATENATE("INDEC-SA - ",B293,C293,D293) -> INDEC-SA - 71240-31 | B293: 71240 | C293: - | D293: 31 | E293: Camión playo2
A294: =CONCATENATE("INDEC-SA - ",B294,C294,D294) -> INDEC-SA - 71240-11 | B294: 71240 | C294: - | D294: 11 | E294: Camión volcador
A295: =CONCATENATE("INDEC-SA - ",B295,C295,D295) -> INDEC-SA - 74110-11 | B295: 74110 | C295: - | D295: 11 | E295: Contenedor tipo volquete
A296: =CONCATENATE("INDEC-SA - ",B296,C296,D296) -> INDEC-SA - 71233-11 | B296: 71233 | C296: - | D296: 11 | E296: Camioneta
A297: =CONCATENATE("INDEC-SA - ",B297,C297,D297) -> INDEC-SA - 51800-11 | B297: 51800 | C297: - | D297: 11 | E297: Pala cargadora
A298: =CONCATENATE("INDEC-SA - ",B298,C298,D298) -> INDEC-SA - 51800-21 | B298: 51800 | C298: - | D298: 21 | E298: Retroexcavadora
B301: Cuadro 1. Índice de Precios Internos Básicos al por Mayor (IPIB), mayor desagregación disponible
A303: Codigo Unificado | B303: Código | E303: Descripción
B304: CPC1
A306: =CONCATENATE("INDEC-PB - ",B306,C306,D306) -> INDEC-PB - 42120-1 | B306: 42120 | C306: - | D306: 1 | E306: Aberturas de aluminio
A307: =CONCATENATE("INDEC-PB - ",B307,C307,D307) -> INDEC-PB - 42120-2 | B307: 42120 | C307: - | D307: 2 | E307: Aberturas de chapa de hierro
A308: =CONCATENATE("INDEC-PB - ",B308,C308,D308) -> INDEC-PB - 37910-1 | B308: 37910 | C308: - | D308: 1 | E308: Abrasivos
A309: =CONCATENATE("INDEC-PB - ",B309,C309,D309) -> INDEC-PB - 42921-4 | B309: 42921 | C309: - | D309: 4 | E309: Abrazaderas
A310: =CONCATENATE("INDEC-PB - ",B310,C310,D310) -> INDEC-PB - 44251-1 | B310: 44251 | C310: - | D310: 1 | E310: Accesorio para máquinas herramientas
A311: =CONCATENATE("INDEC-PB - ",B311,C311,D311) -> INDEC-PB - 42922-1 | B311: 42922 | C311: - | D311: 1 | E311: Accesorios para herramientas
A312: =CONCATENATE("INDEC-PB - ",B312,C312,D312) -> INDEC-PB - 33380-1 | B312: 33380 | C312: - | D312: 1 | E312: Aceites lubricantes
A313: =CONCATENATE("INDEC-PB - ",B313,C313,D313) -> INDEC-PB - 49229-1 | B313: 49229 | C313: - | D313: 1 | E313: Acoplados
A314: =CONCATENATE("INDEC-PB - ",B314,C314,D314) -> INDEC-PB - 46420-1 | B314: 46420 | C314: - | D314: 1 | E314: Acumuladores eléctricos
A315: =CONCATENATE("INDEC-PB - ",B315,C315,D315) -> INDEC-PB - 41263-1 | B315: 41263 | C315: - | D315: 1 | E315: Alambres de acero
A317: =CONCATENATE("INDEC-PB - ",B317,C317,D317) -> INDEC-PB - 44216-1 | B317: 44216 | C317: - | D317: 1 | E317: Amoladoras
A318: =CONCATENATE("INDEC-PB - ",B318,C318,D318) -> INDEC-PB - 15400-1 | B318: 15400 | C318: - | D318: 1 | E318: Arcillas
... A425: =CONCATENATE("INDEC-PB - ",B425,C425,D425) -> INDEC-PB - 15200-1 | B425: 15200 | C425: - | D425: 1 | E425: Yesos y piedras calizas
E427: IMPORTADOS
A428: =CONCATENATE("INDEC-PB - ",B428,C428,D428) -> INDEC-PB - 94920-1 | B428: 94920 | C428: - | D428: 1 | E428: Accesorios y repuestos para máquinas de uso especial
A429: =CONCATENATE("INDEC-PB - ",B429,C429,D429) -> INDEC-PB - 91223-1 | B429: 91223 | C429: - | D429: 1 | E429: Aceros aleados
A430: =CONCATENATE("INDEC-PB - ",B430,C430,D430) -> INDEC-PB - 91211-11 | B430: 91211 | C430: - | D430: 11 | E430: Chapas de hierro al silicio
A431: =CONCATENATE("INDEC-PB - ",B431,C431,D431) -> INDEC-PB - 91211-1 | B431: 91211 | C431: - | D431: 1 | E431: Chapas de hierro/acero
A433: =CONCATENATE("INDEC-PB - ",B433,C433,D433) -> INDEC-PB - 91547-1 | B433: 91547 | C433: - | D433: 1 | E433: Estaño
A434: =CONCATENATE("INDEC-PB - ",B434,C434,D434) -> INDEC-PB - 81100-1 | B434: 81100 | C434: - | D434: 1 | E434: Maderas aserradas
A436: =CONCATENATE("INDEC-PB - ",B436,C436,D436) -> INDEC-PB - 94214-1 | B436: 94214 | C436: - | D436: 1 | E436: Máquinas para perforar, taladrar o fresar
A437: =CONCATENATE("INDEC-PB - ",B437,C437,D437) -> INDEC-PB - 94216-1 | B437: 94216 | C437: - | D437: 1 | E437: Máquinas para rebanar, afilar, amolar, pulir u otro acabado
A439: =CONCATENATE("INDEC-PB - ",B439,C439,D439) -> INDEC-PB - 82129-1 | B439: 82129 | C439: - | D439: 1 | E439: Papeles
A441: =CONCATENATE("INDEC-PB - ",B441,C441,D441) -> INDEC-PB - 93310-1 | B441: 93310 | C441: - | D441: 1 | E441: Piezas y partes para máquinas de uso general (Rodamientos)
A445: =CONCATENATE("INDEC-PB - ",B445,C445,D445) -> INDEC-PB - 85490-1 | B445: 85490 | C445: - | D445: 1 | E445: Toner
B448: Cuadro 2. Índice de Precios Internos Básicos al por Mayor (IPIB), desagregación inmediata superior disponible
A450: Codigo Unificado | B450: Clasificación | E450: Descripción
B451: CIIU R31
...

Sheet Instrucciones
A1: INSTRUCCIONES PARA EL LLENADO DE LA PLANILLA
A2: Este escrito intenta ser una guía para el uso de estas planillas por cada una de las reparticiones que realizan llamados a licitación. El objetivo es que las mismas correctamente completadas estén adjuntas a la documentación de licitación correspondiente, permitiendo que los formatos digitales que entregan los oferentes puedan ser migrados de forma rápida y segura al sistema SIGOP que permitirá tener en forma actualizada toda la información necesaria no solo para el seguimiento de las obras en ejecución sino tambien de los proyectos en desarrollo por cada repartición. Es importante comprender que las pestañas CyP, AP y PTyCI no deben ser modificadas en lo que respecta a la ubicación de las columnas ni en los criterios de redondeo a dos decimales en los costos y precios de manera de poder obtener una total correspondencia en el sistema. Si se podrá agregar o suprimir filas de las mismas de acuerdo a la cantidad de ítems que posea las mismas. Las planillas en blanco se entregan con una cantidad de filas que permiten incorporar 200 renglones, en caso de ser necesario mas se deberán copiar e insertar filas en la parte central de las mismas de manera de poder respetar las fórmulas que contienen ellas. A continuación se indican los pasos a seguir:
A3: Pestaña Datos
A4: A COMPLETAR POR LA REPARTICIÓN PARA ENTREGAR PLANILLAS PARA LICITACIÓN
A5: Llenar todos los datos del encabezamiento de esta pestaña en los campos marcados con el color azul claro COMITENTE : OBRA : UBICACION: LICITACIÓN N°: EXPEDIENTE N°: PRESUPUESTO OFICIAL: ANTICIPO FINANCIERO/ACOPIO: FECHA APERTURA LICITACIÓN: PLAZO DE OBRA:
A6: La repartición debe completar la columna C y D donde se indican la DESIGNACIÓN y UNIDAD del Rubro/Item, siguiendo una de las dos opciones siguientes: 1 - Utilizando la columna J ingresando el código del ítem de acuerdo al listado de ítems que se tiene en la pestaña Items - Códigos, si el ítem necesario no se encuentra en el listado puede ser incorporado. Con ese código ingresado en la columna F se completarán automáticamente la columna C y D con la designación del ítem y su unidad de medida. 2 - En caso de no tener un listado codificado de Rubros / Items, se utilizarán las columnas G y H escribiendo en las mismas la designación y la unidad correspondiente. De igual manera que el anterior se completarán las columnas C y D
A7: Una vez completada la designación y unidad se deberá proceder a completar la columna B de numeración de los Rubros e Items para ello se debe tener en cuenta las siguientes premisas: El Rubro tendrá un número unicamente. Los Items abarcados por dicho rubro contendrán el número del Rubro seguido por un punto y luego un número correlativo comenzando por el 1
A8: Ejemplo: 1 TRABAJOS PRELIMINARES 1.1 Preparación y limpieza de terrenos En caso de tener un Rubro, Subrubro e Items, se deberá seguir con la misma premisa agregando un punto y un número correlativo Ejemplo: 8 PISOS Y ZÓCALOS 8.1 Pisos 8.1.1 Granítico 8.1.2 Porcelanato 8.2 Zócalos 8.2.1 Granítico 8.2.2 Porcelanato Tener en cuenta que todos los ítems ingresados deben estar relacionados con un Rubro o Subrubro que los abarque. Los Rubros y Subrubros no tendrán unidad de medida y mucho menos tendrán asociado un Análisis de Precios.
A9: Recordar que los Rubros no llevan ni unidades ni cantidades y por consiguiente no necesitan elaboración de Análisis de Precios
A10: Para el caso de Licitaciones llamadas por el sistema de Unidad de Medida deberá completar la columna E con las cantidades previstas. En el caso de Licitaciones llamadas por el sistema de Ajuste Alzado las cantidades deben ser calculadas por el Oferente y completadas por él.
A11: Las columnas L, M, N y O están reservadas para poder generar la numeración automática por lo que no deberán ser borradas y modificadas, solamente pueden ser copiadas y pegadas en caso de necesitar mas filas por la cantidad de ítems que posee la obra.
A12: Para Licitaciones por Unidad de Medida la repartición deberá completar la columna D (Cantidades para cada uno de los ítems).
... A48: NOTA: ESTA CODIFICACIÓN DEBE SER REALIZADA POR LA REPARTICIÓN, LA QUE PODRÁ AGREGAR NUEVOS ÍTEMS. ES IMPORTANTE SI SE QUIERE ESTANDARIZAR LAS DENOMINACIONES PARA EVITAR POSIBLES ERRORES FUTUROS

Sheet Datos
A1: DATOS A COMPLETAR POR LA REPARTICIÓN
A2: COMITENTE : | C2: Dirección de Recursos Energéticos
A3: OBRA : | C3: REFACCIÓN Y ACONDICIONAMIENTO DE INSTALACIONES ELÉCTRICAS EN EL CENTRO DE OPERACIONES DE LA PRESA QUEBRADA DE ULLUM
A4: UBICACION: | C4: Dpto. Ullum
A5: LICITACION PRIVADA N°: | C5: 06-2025
A6: EXPEDIENTE N°: | C6: 508-000718-2025
A7: PRESUPUESTO OFICIAL: | C7: 657480720
A8: ANTICIPO FINANCIERO/ACOPIO: | C8: 0.3
A9: FECHA APERTURA LICITACIÓN:
A10: PLAZO DE OBRA: | C10: 180
A12: DATOS A COMPLETAR POR EL OFERENTE
A13: EMPRESA CONSTRUCTORA:
A14: COSTO FINANCIERO
A15: GASTOS GENERALES
A16: BENEFICIO
A17: INGRESOS BRUTOS Y L. HOGAR
A18: IMPUESTO AL VALOR AGREGADO
A19: COEFICIENTE DE PASO | C19: =(1+1*Costo_Financiero)+(1+1*Costo_Financiero)*(Gasto_Generales_Porcentaje+Beneficio)+((1+1*Costo_Financiero)+(1+1*Costo_Financiero)*(Gasto_Generales_Porcentaje+Beneficio))*(Ingresos_Brutos+IVA) -> 1 | E19: form nueva
B21: TABLA DE ÍTEMS DEL PROYECTO
B23: RUBRO ITEM | C23: DESIGNACION | D23: UN. | E23: CANT. | G23: INGRESO DESIGNACIÓN SIN CODIFICACIÓN | J23: INGRESO DESIGNACIÓN POR CÓDIGO RUBRO - ÍTEM
G24: DESIGNACIÓN ITEM | H24: UN.
A26: =IF(D26=0," ",A25+1) -> 1 | B26: =A26 -> 1 | C26: =IFERROR(VLOOKUP(J26,Tabla_Items,2,FALSE),G26) -> Proyecto Ejecutivo e Ingenieria de detalle | D26: =IFERROR(VLOOKUP(J26,Tabla_Items,3,FALSE),H26) -> gl | E26: 1 | G26: Proyecto Ejecutivo e Ingenieria de detalle | H26: gl
A27: =IF(D27=0," ",A26+1) -> 2 | B27: =A27 -> 2 | C27: =IFERROR(VLOOKUP(J27,Tabla_Items,2,FALSE),G27) -> Tablero Protocolizado de Maniobras/Trasferencia | D27: =IFERROR(VLOOKUP(J27,Tabla_Items,3,FALSE),H27) -> Cjto | E27: 1 | G27: Tablero Protocolizado de Maniobras/Trasferencia | H27: Cjto
A28: =IF(D28=0," ",A27+1) -> 3 | B28: =A28 -> 3 | C28: =IFERROR(VLOOKUP(J28,Tabla_Items,2,FALSE),G28) -> Tablero Protocolizado de Potencia | D28: =IFERROR(VLOOKUP(J28,Tabla_Items,3,FALSE),H28) -> Cjto | E28: 1 | G28: Tablero Protocolizado de Potencia | H28: Cjto
A29: =IF(D29=0," ",A28+1) -> 4 | B29: =A29 -> 4 | C29: =IFERROR(VLOOKUP(J29,Tabla_Items,2,FALSE),G29) -> Tablero Protocolizado de Iluminación | D29: =IFERROR(VLOOKUP(J29,Tabla_Items,3,FALSE),H29) -> Cjto | E29: 1 | G29: Tablero Protocolizado de Iluminación | H29: Cjto
A30: =IF(D30=0," ",A29+1) -> 5 | B30: =A30 -> 5 | C30: =IFERROR(VLOOKUP(J30,Tabla_Items,2,FALSE),G30) -> Recambio de Luminarias y conductor en torre N°1 | D30: =IFERROR(VLOOKUP(J30,Tabla_Items,3,FALSE),H30) -> Uni. | E30: 1 | G30: Recambio de Luminarias y conductor en torre N°1 | H30: Uni.
A31: =IF(D31=0," ",A30+1) -> 6 | B31: =A31 -> 6 | C31: =IFERROR(VLOOKUP(J31,Tabla_Items,2,FALSE),G31) -> Recambio de Luminarias en torre N°2 | D31: =IFERROR(VLOOKUP(J31,Tabla_Items,3,FALSE),H31) -> Uni. | E31: 1 | G31: Recambio de Luminarias en torre N°2 | H31: Uni.
A32: =IF(D32=0," ",A31+1) -> 7 | B32: =A32 -> 7 | C32: =IFERROR(VLOOKUP(J32,Tabla_Items,2,FALSE),G32) -> Recambio de Luminarias y conductor en torre N°3 | D32: =IFERROR(VLOOKUP(J32,Tabla_Items,3,FALSE),H32) -> Uni. | E32: 1 | G32: Recambio de Luminarias y conductor en torre N°3 | H32: Uni.
A33: =IF(D33=0," ",A32+1) -> 8 | B33: =A33 -> 8 | C33: =IFERROR(VLOOKUP(J33,Tabla_Items,2,FALSE),G33) -> Recambio de Luminarias y conductor en torre N°4 | D33: =IFERROR(VLOOKUP(J33,Tabla_Items,3,FALSE),H33) -> Uni. | E33: 1 | G33: Recambio de Luminarias y conductor en torre N°4 | H33: Uni.
A34: =IF(D34=0," ",A33+1) -> 9 | B34: =A34 -> 9 | C34: =IFERROR(VLOOKUP(J34,Tabla_Items,2,FALSE),G34) -> Recambio de Luminarias y conductor en torre N°5 | D34: =IFERROR(VLOOKUP(J34,Tabla_Items,3,FALSE),H34) -> Uni. | E34: 1 | G34: Recambio de Luminarias y conductor en torre N°5 | H34: Uni.
A35: =IF(D35=0," ",A34+1) -> 10 | B35: =A35 -> 10 | C35: =IFERROR(VLOOKUP(J35,Tabla_Items,2,FALSE),G35) -> Reparación del sistema luminarias sobre el coronamiento | D35: =IFERROR(VLOOKUP(J35,Tabla_Items,3,FALSE),H35) -> Uni. | E35: 1 | G35: Reparación del sistema luminarias sobre el coronamiento | H35: Uni.
A36: =IF(D36=0," ",A35+1) -> 11 | B36: =A36 -> 11 | C36: =IFERROR(VLOOKUP(J36,Tabla_Items,2,FALSE),G36) -> Grupo Eléctrogeno 1 | D36: =IFERROR(VLOOKUP(J36,Tabla_Items,3,FALSE),H36) -> Uni. | E36: 1 | G36: Grupo Eléctrogeno 1 | H36: Uni.
A37: =IF(D37=0," ",A36+1) -> 12 | B37: =A37 -> 12 | C37: =IFERROR(VLOOKUP(J37,Tabla_Items,2,FALSE),G37) -> Grupo Eléctrogeno 2 | D37: =IFERROR(VLOOKUP(J37,Tabla_Items,3,FALSE),H37) -> Uni. | E37: 1 | G37: Grupo Eléctrogeno 2 | H37: Uni.
... A45: =IF(D45=0," ",A44+1) -> 20 | B45: =A45 -> 20 | C45: =IFERROR(VLOOKUP(J45,Tabla_Items,2,FALSE),G45) -> Equipos | D45: =IFERROR(VLOOKUP(J45,Tabla_Items,3,FALSE),H45) -> gl | E45: 1 | G45: Equipos | H45: gl
A46: =IF(D46=0," ",A45+1) | B46: =A46 | C46: =IFERROR(VLOOKUP(J46,Tabla_Items,2,FALSE),G46) -> 0 | D46: =IFERROR(VLOOKUP(J46,Tabla_Items,3,FALSE),H46) -> 0
A47: =IF(D47=0," ",A46+1) | B47: =A47 | C47: =IFERROR(VLOOKUP(J47,Tabla_Items,2,FALSE),G47) -> 0 | D47: =IFERROR(VLOOKUP(J47,Tabla_Items,3,FALSE),H47) -> 0
A48: =IF(D48=0," ",A47+1) | B48: =A48 | C48: =IFERROR(VLOOKUP(J48,Tabla_Items,2,FALSE),G48) -> 0 | D48: =IFERROR(VLOOKUP(J48,Tabla_Items,3,FALSE),H48) -> 0
A49: =IF(D49=0," ",A48+1) | B49: =A49 | C49: =IFERROR(VLOOKUP(J49,Tabla_Items,2,FALSE),G49) -> 0 | D49: =IFERROR(VLOOKUP(J49,Tabla_Items,3,FALSE),H49) -> 0
A50: =IF(D50=0," ",A49+1) | B50: =A50 | C50: =IFERROR(VLOOKUP(J50,Tabla_Items,2,FALSE),G50) -> 0 | D50: =IFERROR(VLOOKUP(J50,Tabla_Items,3,FALSE),H50) -> 0
A51: =IF(D51=0," ",A50+1) | B51: =A51 | C51: =IFERROR(VLOOKUP(J51,Tabla_Items,2,FALSE),G51) -> 0 | D51: =IFERROR(VLOOKUP(J51,Tabla_Items,3,FALSE),H51) -> 0
A52: =IF(D52=0," ",A51+1) | B52: =A52 | C52: =IFERROR(VLOOKUP(J52,Tabla_Items,2,FALSE),G52) -> 0 | D52: =IFERROR(VLOOKUP(J52,Tabla_Items,3,FALSE),H52) -> 0
A53: =IF(D53=0," ",A52+1) | B53: =A53 | C53: =IFERROR(VLOOKUP(J53,Tabla_Items,2,FALSE),G53) -> 0 | D53: =IFERROR(VLOOKUP(J53,Tabla_Items,3,FALSE),H53) -> 0
A54: =IF(D54=0," ",A53+1) | B54: =A54 | C54: =IFERROR(VLOOKUP(J54,Tabla_Items,2,FALSE),G54) -> 0 | D54: =IFERROR(VLOOKUP(J54,Tabla_Items,3,FALSE),H54) -> 0
A55: =IF(D55=0," ",A54+1) | B55: =A55 | C55: =IFERROR(VLOOKUP(J55,Tabla_Items,2,FALSE),G55) -> 0 | D55: =IFERROR(VLOOKUP(J55,Tabla_Items,3,FALSE),H55) -> 0
A56: =IF(D56=0," ",A55+1) | B56: =A56 | C56: =IFERROR(VLOOKUP(J56,Tabla_Items,2,FALSE),G56) -> 0 | D56: =IFERROR(VLOOKUP(J56,Tabla_Items,3,FALSE),H56) -> 0
A57: =IF(D57=0," ",A56+1) | B57: =A57 | C57: =IFERROR(VLOOKUP(J57,Tabla_Items,2,FALSE),G57) -> 0 | D57: =IFERROR(VLOOKUP(J57,Tabla_Items,3,FALSE),H57) -> 0
... A297: =IF(D297=0," ",A296+1) | B297: =A297 | C297: =IFERROR(VLOOKUP(J297,Tabla_Items,2,FALSE),G297) -> 0 | D297: =IFERROR(VLOOKUP(J297,Tabla_Items,3,FALSE),H297) -> 0

Sheet CyP
A1: COMITENTE : | C1: =Comitente -> Dirección de Recursos Energéticos
A2: OBRA : | C2: =Obra -> REFACCIÓN Y ACONDICIONAMIENTO DE INSTALACIONES ELÉCTRICAS EN EL CENTRO DE OPERACIONES DE LA PRESA QUEBRADA DE ULLUM
A3: UBICACION: | C3: =Ubicación -> Dpto. Ullum
A4: LICITACION PRIVADA N°: | C4: =Licitación_N° -> 06-2025
A5: EXPEDIENTE N°: | C5: =Expediente_N° -> 508-000718-2025
A6: PRESUPUESTO OFICIAL: | C6: =P_Oficial -> 657480720
A7: ANTICIPO FINANCIERO/ACOPIO: | C7: =Anticipo_Financiero -> 0.3
A8: FECHA APERTURA LICITACIÓN: | C8: =Fecha_Base -> 0
A9: PLAZO DE OBRA: | C9: =Plazo_Obra -> 180
A10: EMPRESA CONSTRUCTORA: | C10: =Contratista -> 0
A11: MONTO DE LA OFERTA: | C11: =Monto_Oferta -> 0
A13: COMPUTO Y PRESUPUESTO
A15: RUBRO ITEM | B15: DESIGNACION | D15: UN. | E15: CANT. | F15: COSTOS UNITARIO | G15: PRECIO UNITARIO | H15: PRECIO TOTAL DEL ITEM | I15: PORCENTAJE INCIDENCIA DEL ITEM
A18: =Datos!B26 -> 1 | B18: =IFERROR(VLOOKUP(A18,Tabla_Datos,2,FALSE),"") -> Proyecto Ejecutivo e Ingenieria de detalle | D18: =IFERROR(VLOOKUP(A18,Tabla_Datos,3,FALSE),"") -> gl | E18: =IFERROR(VLOOKUP(A18,Tabla_Datos,4,FALSE),0) -> 1 | F18: =IFERROR(VLOOKUP(A18,Tabla_Analisis_Precio,7,FALSE),0) -> 0 | G18: =ROUND(F18*Coeficiente_Paso,2) -> 0 | H18: =ROUND(E18*G18,2) -> 0 | I18: =IFERROR(H18/Monto_Oferta,0) -> 0
A19: =Datos!B27 -> 2 | B19: =IFERROR(VLOOKUP(A19,Tabla_Datos,2,FALSE),"") -> Tablero Protocolizado de Maniobras/Trasferencia | D19: =IFERROR(VLOOKUP(A19,Tabla_Datos,3,FALSE),"") -> Cjto | E19: =IFERROR(VLOOKUP(A19,Tabla_Datos,4,FALSE),0) -> 1 | F19: =IFERROR(VLOOKUP(A19,Tabla_Analisis_Precio,7,FALSE),0) -> 0 | G19: =ROUND(F19*Coeficiente_Paso,2) -> 0 | H19: =ROUND(E19*G19,2) -> 0 | I19: =IFERROR(H19/Monto_Oferta,0) -> 0
A20: =Datos!B28 -> 3 | B20: =IFERROR(VLOOKUP(A20,Tabla_Datos,2,FALSE),"") -> Tablero Protocolizado de Potencia | D20: =IFERROR(VLOOKUP(A20,Tabla_Datos,3,FALSE),"") -> Cjto | E20: =IFERROR(VLOOKUP(A20,Tabla_Datos,4,FALSE),0) -> 1 | F20: =IFERROR(VLOOKUP(A20,Tabla_Analisis_Precio,7,FALSE),0) -> 0 | G20: =ROUND(F20*Coeficiente_Paso,2) -> 0 | H20: =ROUND(E20*G20,2) -> 0 | I20: =IFERROR(H20/Monto_Oferta,0) -> 0
A21: =Datos!B29 -> 4 | B21: =IFERROR(VLOOKUP(A21,Tabla_Datos,2,FALSE),"") -> Tablero Protocolizado de Iluminación | D21: =IFERROR(VLOOKUP(A21,Tabla_Datos,3,FALSE),"") -> Cjto | E21: =IFERROR(VLOOKUP(A21,Tabla_Datos,4,FALSE),0) -> 1 | F21: =IFERROR(VLOOKUP(A21,Tabla_Analisis_Precio,7,FALSE),0) -> 0 | G21: =ROUND(F21*Coeficiente_Paso,2) -> 0 | H21: =ROUND(E21*G21,2) -> 0 | I21: =IFERROR(H21/Monto_Oferta,0) -> 0
A22: =Datos!B30 -> 5 | B22: =IFERROR(VLOOKUP(A22,Tabla_Datos,2,FALSE),"") -> Recambio de Luminarias y conductor en torre N°1 | D22: =IFERROR(VLOOKUP(A22,Tabla_Datos,3,FALSE),"") -> Uni. | E22: =IFERROR(VLOOKUP(A22,Tabla_Datos,4,FALSE),0) -> 1 | F22: =IFERROR(VLOOKUP(A22,Tabla_Analisis_Precio,7,FALSE),0) -> 0 | G22: =ROUND(F22*Coeficiente_Paso,2) -> 0 | H22: =ROUND(E22*G22,2) -> 0 | I22: =IFERROR(H22/Monto_Oferta,0) -> 0
A23: =Datos!B31 -> 6 | B23: =IFERROR(VLOOKUP(A23,Tabla_Datos,2,FALSE),"") -> Recambio de Luminarias en torre N°2 | D23: =IFERROR(VLOOKUP(A23,Tabla_Datos,3,FALSE),"") -> Uni. | E23: =IFERROR(VLOOKUP(A23,Tabla_Datos,4,FALSE),0) -> 1 | F23: =IFERROR(VLOOKUP(A23,Tabla_Analisis_Precio,7,FALSE),0) -> 0 | G23: =ROUND(F23*Coeficiente_Paso,2) -> 0 | H23: =ROUND(E23*G23,2) -> 0 | I23: =IFERROR(H23/Monto_Oferta,0) -> 0
A24: =Datos!B32 -> 7 | B24: =IFERROR(VLOOKUP(A24,Tabla_Datos,2,FALSE),"") -> Recambio de Luminarias y conductor en torre N°3 | D24: =IFERROR(VLOOKUP(A24,Tabla_Datos,3,FALSE),"") -> Uni. | E24: =IFERROR(VLOOKUP(A24,Tabla_Datos,4,FALSE),0) -> 1 | F24: =IFERROR(VLOOKUP(A24,Tabla_Analisis_Precio,7,FALSE),0) -> 0 | G24: =ROUND(F24*Coeficiente_Paso,2) -> 0 | H24: =ROUND(E24*G24,2) -> 0 | I24: =IFERROR(H24/Monto_Oferta,0) -> 0
A25: =Datos!B33 -> 8 | B25: =IFERROR(VLOOKUP(A25,Tabla_Datos,2,FALSE),"") -> Recambio de Luminarias y conductor en torre N°4 | D25: =IFERROR(VLOOKUP(A25,Tabla_Datos,3,FALSE),"") -> Uni. | E25: =IFERROR(VLOOKUP(A25,Tabla_Datos,4,FALSE),0) -> 1 | F25: =IFERROR(VLOOKUP(A25,Tabla_Analisis_Precio,7,FALSE),0) -> 0 | G25: =ROUND(F25*Coeficiente_Paso,2) -> 0 | H25: =ROUND(E25*G25,2) -> 0 | I25: =IFERROR(H25/Monto_Oferta,0) -> 0
A26: =Datos!B34 -> 9 | B26: =IFERROR(VLOOKUP(A26,Tabla_Datos,2,FALSE),"") -> Recambio de Luminarias y conductor en torre N°5 | D26: =IFERROR(VLOOKUP(A26,Tabla_Datos,3,FALSE),"") -> Uni. | E26: =IFERROR(VLOOKUP(A26,Tabla_Datos,4,FALSE),0) -> 1 | F26: =IFERROR(VLOOKUP(A26,Tabla_Analisis_Precio,7,FALSE),0) -> 0 | G26: =ROUND(F26*Coeficiente_Paso,2) -> 0 | H26: =ROUND(E26*G26,2) -> 0 | I26: =IFERROR(H26/Monto_Oferta,0) -> 0
A27: =Datos!B35 -> 10 | B27: =IFERROR(VLOOKUP(A27,Tabla_Datos,2,FALSE),"") -> Reparación del sistema luminarias sobre el coronamiento | D27: =IFERROR(VLOOKUP(A27,Tabla_Datos,3,FALSE),"") -> Uni. | E27: =IFERROR(VLOOKUP(A27,Tabla_Datos,4,FALSE),0) -> 1 | F27: =IFERROR(VLOOKUP(A27,Tabla_Analisis_Precio,7,FALSE),0) -> 0 | G27: =ROUND(F27*Coeficiente_Paso,2) -> 0 | H27: =ROUND(E27*G27,2) -> 0 | I27: =IFERROR(H27/Monto_Oferta,0) -> 0
A28: =Datos!B36 -> 11 | B28: =IFERROR(VLOOKUP(A28,Tabla_Datos,2,FALSE),"") -> Grupo Eléctrogeno 1 | D28: =IFERROR(VLOOKUP(A28,Tabla_Datos,3,FALSE),"") -> Uni. | E28: =IFERROR(VLOOKUP(A28,Tabla_Datos,4,FALSE),0) -> 1 | F28: =IFERROR(VLOOKUP(A28,Tabla_Analisis_Precio,7,FALSE),0) -> 0 | G28: =ROUND(F28*Coeficiente_Paso,2) -> 0 | H28: =ROUND(E28*G28,2) -> 0 | I28: =IFERROR(H28/Monto_Oferta,0) -> 0
A29: =Datos!B37 -> 12 | B29: =IFERROR(VLOOKUP(A29,Tabla_Datos,2,FALSE),"") -> Grupo Eléctrogeno 2 | D29: =IFERROR(VLOOKUP(A29,Tabla_Datos,3,FALSE),"") -> Uni. | E29: =IFERROR(VLOOKUP(A29,Tabla_Datos,4,FALSE),0) -> 1 | F29: =IFERROR(VLOOKUP(A29,Tabla_Analisis_Precio,7,FALSE),0) -> 0 | G29: =ROUND(F29*Coeficiente_Paso,2) -> 0 | H29: =ROUND(E29*G29,2) -> 0 | I29: =IFERROR(H29/Monto_Oferta,0) -> 0
... A38: =Datos!B46 | B38: =IFERROR(VLOOKUP(A38,Tabla_Datos,2,FALSE),"") -> 0 | D38: =IFERROR(VLOOKUP(A38,Tabla_Datos,3,FALSE),"") -> 0 | E38: =IFERROR(VLOOKUP(A38,Tabla_Datos,4,FALSE),0) -> 0 | F38: =IFERROR(VLOOKUP(A38,Tabla_Analisis_Precio,7,FALSE),0) -> 0 | G38: =ROUND(F38*Coeficiente_Paso,2) -> 0 | H38: =ROUND(E38*G38,2) -> 0 | I38: =IFERROR(H38/Monto_Oferta,0) -> 0
B39: TOTAL COSTO | F39: =ROUND(SUMPRODUCT(E18:E38,F18:F38),2) -> 0 | G39: TOTAL OFERTA | H39: =SUM(H18:H38) -> 0 | I39: =SUM(I18:I38) -> 0
A41: 1- | B41: COSTO COSTO | H41: =ROUND(H50/Coeficiente_Paso,2) -> 0
A42: 2- | B42: ="COSTO FINANCIERO "&ROUND(Costo_Financiero*100,2)&" % de ( 1 )" -> COSTO FINANCIERO 0 % de ( 1 ) | E42: =Costo_Financiero -> 0 | H42: =ROUND(H41*Costo_Financiero,2) -> 0
A43: 3- | B43: COSTO OBRA ( 1 + 2 ) | H43: =H41+H42 -> 0
A44: 4- | B44: =CONCATENATE("GASTOS GENERALES ",ROUND(Gasto_Generales_Porcentaje*100,3)," % de ( 3 )") -> GASTOS GENERALES 0 % de ( 3 ) | E44: =Gasto_Generales_Porcentaje -> 0 | H44: =ROUND(Gasto_Generales_Porcentaje*H43,2) -> 0
A45: 5- | B45: =CONCATENATE("BENEFICIOS ",ROUND(Beneficio*100,2)," % de ( 3 )") -> BENEFICIOS 0 % de ( 3 ) | E45: =Beneficio -> 0 | H45: =IF(Beneficio=0,,ROUND(Beneficio*H43,2)) -> 0
A46: 6 | B46: SUB TOTAL ( 3 + 4 + 5 ) | H46: =H43+H44+H45 -> 0
A47: 7- | B47: =CONCATENATE("INGRESOS BRUTOS Y LOTE HOGAR ",ROUND(Ingresos_Brutos*100,2)," % de ( 6 )") -> INGRESOS BRUTOS Y LOTE HOGAR 0 % de ( 6 ) | E47: =Ingresos_Brutos -> 0 | H47: =ROUND(Ingresos_Brutos*H46,2) -> 0
A48: 8- | B48: =CONCATENATE("IMPUESTO AL VALOR AGREGADO ",IVA*100," % de ( 6 )") -> IMPUESTO AL VALOR AGREGADO 0 % de ( 6 ) | E48: =IVA -> 0 | H48: =ROUND(IVA*H46,2) -> 0
B50: TOTAL OFERTA | H50: =Monto_Oferta -> 0
B52: ="El presente presupuesto asciende a la suma de: " & 'Números a Letras'!A53 -> El presente presupuesto asciende a la suma de: SON PESOS: CERO CON 00/100.-
A53: FIN
B216: 4
B266: 4
B316: 4
B366: 4
B416: 5
B466: 5
B516: 5
B566: 5
B616: 5
B666: 5
B716: 5
B766: 5
... B966: 5
B967: =CyP!#REF! -> #REF!
B1016: 5
B1017: =CyP!#REF! -> #REF!
B1066: 5
B1067: =CyP!#REF! -> #REF!
B1116: 5
B1117: =CyP!#REF! -> #REF!
B1167: =CyP!#REF! -> #REF!
B1216: 7
B1217: =CyP!#REF! -> #REF!
B1267: =CyP!#REF! -> #REF!
B1316: 8
B1317: =CyP!#REF! -> #REF!
B1366: 8
B1367: =CyP!#REF! -> #REF!
B1416: 8
B1417: =CyP!#REF! -> #REF!
B1466: 8
B1467: =CyP!#REF! -> #REF!
B1516: 8
B1517: =CyP!#REF! -> #REF!
B1567: =CyP!#REF! -> #REF!
B1617: =CyP!#REF! -> #REF!
B1667: =CyP!#REF! -> #REF!
B1716: 12
B1717: =CyP!#REF! -> #REF!
B1766: 12
B1767: =CyP!#REF! -> #REF!
B1816: 12
B1817: =CyP!#REF! -> #REF!
B1866: 12
B1867: =CyP!#REF! -> #REF!
B1916: 12
B1917: =CyP!#REF! -> #REF!
B1966: 13
B1967: =CyP!#REF! -> #REF!
B2016: 13
B2017: =CyP!#REF! -> #REF!

Sheet AP
A1: ANALISIS DE PRECIOS
A2: COMITENTE: | B2: =Comitente -> Dirección de Recursos Energéticos
A3: CONTRATISTA: | B3: =Contratista -> 0
A4: OBRA: | B4: =Obra -> REFACCIÓN Y ACONDICIONAMIENTO DE INSTALACIONES ELÉCTRICAS EN EL CENTRO DE OPERACIONES DE LA PRESA QUEBRADA DE ULLUM | F4: PRECIOS A: | G4: =Fecha_Base -> 0
A5: UBICACIÓN: | B5: =Ubicación -> Dpto. Ullum
A6: RUBRO: | B6: =IFERROR(VALUE(LEFT(B7,FIND(".",B7)-1)),"") | C6: =IFERROR(VLOOKUP(B6,Tabla_CyP,2,FALSE),"")
A7: ITEM: | B7: =IFERROR(VLOOKUP(COUNTIF($A$1:A7,"ANALISIS DE PRECIOS"),Tabla_NumeroItem,2,FALSE),"") -> 1 | C7: =IFERROR(VLOOKUP(B7,Tabla_CyP,2,FALSE),"") -> Proyecto Ejecutivo e Ingenieria de detalle | F7: UNIDAD: | G7: =IFERROR(VLOOKUP(B7,Tabla_CyP,4,FALSE),"") -> gl
A9: DATOS REDETERMINACION | C9: DESIGNACION | D9: U | E9: Cantidad | F9: $ Unitarios | G9: $ Parcial
A10: CÓDIGO | B10: DESCRIPCIÓN
C11: A - MATERIALES
A12: =IFERROR(VLOOKUP(C12,Tabla_Insumos,4,FALSE),"") | B12: =IFERROR(VLOOKUP(C12,Tabla_Insumos,5,FALSE),"") | D12: =IFERROR(VLOOKUP(C12,Tabla_Insumos,2,FALSE),"") | F12: =IFERROR(VLOOKUP(C12,Tabla_Insumos,3,FALSE),0) -> 0 | G12: =ROUND(E12*F12,2) -> 0
A13: =IFERROR(VLOOKUP(C13,Tabla_Insumos,4,FALSE),"") | B13: =IFERROR(VLOOKUP(C13,Tabla_Insumos,5,FALSE),"") | D13: =IFERROR(VLOOKUP(C13,Tabla_Insumos,2,FALSE),"") | F13: =IFERROR(VLOOKUP(C13,Tabla_Insumos,3,FALSE),0) -> 0 | G13: =ROUND(E13*F13,2) -> 0
A14: =IFERROR(VLOOKUP(C14,Tabla_Insumos,4,FALSE),"") | B14: =IFERROR(VLOOKUP(C14,Tabla_Insumos,5,FALSE),"") | D14: =IFERROR(VLOOKUP(C14,Tabla_Insumos,2,FALSE),"") | F14: =IFERROR(VLOOKUP(C14,Tabla_Insumos,3,FALSE),0) -> 0 | G14: =ROUND(E14*F14,2) -> 0
A15: =IFERROR(VLOOKUP(C15,Tabla_Insumos,4,FALSE),"") | B15: =IFERROR(VLOOKUP(C15,Tabla_Insumos,5,FALSE),"") | D15: =IFERROR(VLOOKUP(C15,Tabla_Insumos,2,FALSE),"") | F15: =IFERROR(VLOOKUP(C15,Tabla_Insumos,3,FALSE),0) -> 0 | G15: =ROUND(E15*F15,2) -> 0
A16: =IFERROR(VLOOKUP(C16,Tabla_Insumos,4,FALSE),"") | B16: =IFERROR(VLOOKUP(C16,Tabla_Insumos,5,FALSE),"") | D16: =IFERROR(VLOOKUP(C16,Tabla_Insumos,2,FALSE),"") | F16: =IFERROR(VLOOKUP(C16,Tabla_Insumos,3,FALSE),0) -> 0 | G16: =ROUND(E16*F16,2) -> 0
A17: =IFERROR(VLOOKUP(C17,Tabla_Insumos,4,FALSE),"") | B17: =IFERROR(VLOOKUP(C17,Tabla_Insumos,5,FALSE),"") | D17: =IFERROR(VLOOKUP(C17,Tabla_Insumos,2,FALSE),"") | F17: =IFERROR(VLOOKUP(C17,Tabla_Insumos,3,FALSE),0) -> 0 | G17: =ROUND(E17*F17,2) -> 0
A18: =IFERROR(VLOOKUP(C18,Tabla_Insumos,4,FALSE),"") | B18: =IFERROR(VLOOKUP(C18,Tabla_Insumos,5,FALSE),"") | D18: =IFERROR(VLOOKUP(C18,Tabla_Insumos,2,FALSE),"") | F18: =IFERROR(VLOOKUP(C18,Tabla_Insumos,3,FALSE),0) -> 0 | G18: =ROUND(E18*F18,2) -> 0
A19: =IFERROR(VLOOKUP(C19,Tabla_Insumos,4,FALSE),"") | B19: =IFERROR(VLOOKUP(C19,Tabla_Insumos,5,FALSE),"") | D19: =IFERROR(VLOOKUP(C19,Tabla_Insumos,2,FALSE),"") | F19: =IFERROR(VLOOKUP(C19,Tabla_Insumos,3,FALSE),0) -> 0 | G19: =ROUND(E19*F19,2) -> 0
A20: =IFERROR(VLOOKUP(C20,Tabla_Insumos,4,FALSE),"") | B20: =IFERROR(VLOOKUP(C20,Tabla_Insumos,5,FALSE),"") | D20: =IFERROR(VLOOKUP(C20,Tabla_Insumos,2,FALSE),"") | F20: =IFERROR(VLOOKUP(C20,Tabla_Insumos,3,FALSE),0) -> 0 | G20: =ROUND(E20*F20,2) -> 0
A21: =IFERROR(VLOOKUP(C21,Tabla_Insumos,4,FALSE),"") | B21: =IFERROR(VLOOKUP(C21,Tabla_Insumos,5,FALSE),"") | D21: =IFERROR(VLOOKUP(C21,Tabla_Insumos,2,FALSE),"") | F21: =IFERROR(VLOOKUP(C21,Tabla_Insumos,3,FALSE),0) -> 0 | G21: =ROUND(E21*F21,2) -> 0
A22: =IFERROR(VLOOKUP(C22,Tabla_Insumos,4,FALSE),"") | B22: =IFERROR(VLOOKUP(C22,Tabla_Insumos,5,FALSE),"") | D22: =IFERROR(VLOOKUP(C22,Tabla_Insumos,2,FALSE),"") | F22: =IFERROR(VLOOKUP(C22,Tabla_Insumos,3,FALSE),0) -> 0 | G22: =ROUND(E22*F22,2) -> 0
A23: =IFERROR(VLOOKUP(C23,Tabla_Insumos,4,FALSE),"") | B23: =IFERROR(VLOOKUP(C23,Tabla_Insumos,5,FALSE),"") | D23: =IFERROR(VLOOKUP(C23,Tabla_Insumos,2,FALSE),"") | F23: =IFERROR(VLOOKUP(C23,Tabla_Insumos,3,FALSE),0) -> 0 | G23: =ROUND(E23*F23,2) -> 0
... A25: =IFERROR(VLOOKUP(C25,Tabla_Insumos,4,FALSE),"") | B25: =IFERROR(VLOOKUP(C25,Tabla_Insumos,5,FALSE),"") | D25: =IFERROR(VLOOKUP(C25,Tabla_Insumos,2,FALSE),"") | F25: =IFERROR(VLOOKUP(C25,Tabla_Insumos,3,FALSE),0) -> 0 | G25: =ROUND(E25*F25,2) -> 0
F26: Total A | G26: =SUBTOTAL(9,G12:G25) -> 0
C27: B - MANO DE OBRA
A28: =IFERROR(VLOOKUP(C28,Tabla_Insumos,4,FALSE),"") -> IIEE-SJ - 102000 | B28: =IFERROR(VLOOKUP(A28,Tabla_Indices,5,FALSE),"") -> Oficial | C28: Oficial | D28: =IFERROR(VLOOKUP(C28,Tabla_Insumos,2,FALSE),"") -> hs. | E28: 10 | F28: =IFERROR(VLOOKUP(C28,Tabla_Insumos,3,FALSE),0) -> 0 | G28: =ROUND(E28*F28,2) -> 0
A29: =IFERROR(VLOOKUP(C29,Tabla_Insumos,4,FALSE),"") | B29: =IFERROR(VLOOKUP(A29,Tabla_Indices,5,FALSE),"") -> 0 | D29: =IFERROR(VLOOKUP(C29,Tabla_Insumos,2,FALSE),"") | F29: =IFERROR(VLOOKUP(C29,Tabla_Insumos,3,FALSE),0) -> 0 | G29: =ROUND(E29*F29,2) -> 0
A30: =IFERROR(VLOOKUP(C30,Tabla_Insumos,4,FALSE),"") | B30: =IFERROR(VLOOKUP(A30,Tabla_Indices,5,FALSE),"") -> 0 | D30: =IFERROR(VLOOKUP(C30,Tabla_Insumos,2,FALSE),"") | F30: =IFERROR(VLOOKUP(C30,Tabla_Insumos,3,FALSE),0) -> 0 | G30: =ROUND(E30*F30,2) -> 0
A31: =IFERROR(VLOOKUP(C31,Tabla_Insumos,4,FALSE),"") | B31: =IFERROR(VLOOKUP(A31,Tabla_Indices,5,FALSE),"") -> 0 | D31: =IFERROR(VLOOKUP(C31,Tabla_Insumos,2,FALSE),"") | F31: =IFERROR(VLOOKUP(C31,Tabla_Insumos,3,FALSE),0) -> 0 | G31: =ROUND(E31*F31,2) -> 0
A32: =IFERROR(VLOOKUP(C32,Tabla_Insumos,4,FALSE),"") | B32: =IFERROR(VLOOKUP(A32,Tabla_Indices,5,FALSE),"") -> 0 | D32: =IFERROR(VLOOKUP(C32,Tabla_Insumos,2,FALSE),"") | F32: =IFERROR(VLOOKUP(C32,Tabla_Insumos,3,FALSE),0) -> 0 | G32: =ROUND(E32*F32,2) -> 0
A33: =IFERROR(VLOOKUP(C33,Tabla_Insumos,4,FALSE),"") | B33: =IFERROR(VLOOKUP(A33,Tabla_Indices,5,FALSE),"") -> 0 | D33: =IFERROR(VLOOKUP(C33,Tabla_Insumos,2,FALSE),"") | F33: =IFERROR(VLOOKUP(C33,Tabla_Insumos,3,FALSE),0) -> 0 | G33: =ROUND(E33*F33,2) -> 0
A34: =IFERROR(VLOOKUP(C34,Tabla_Insumos,4,FALSE),"") | B34: =IFERROR(VLOOKUP(A34,Tabla_Indices,5,FALSE),"") -> 0 | D34: =IFERROR(VLOOKUP(C34,Tabla_Insumos,2,FALSE),"") | F34: =IFERROR(VLOOKUP(C34,Tabla_Insumos,3,FALSE),0) -> 0 | G34: =ROUND(E34*F34,2) -> 0
A35: =IFERROR(VLOOKUP(C35,Tabla_Insumos,4,FALSE),"") | B35: =IFERROR(VLOOKUP(A35,Tabla_Indices,5,FALSE),"") -> 0 | D35: =IFERROR(VLOOKUP(C35,Tabla_Insumos,2,FALSE),"") | F35: =IFERROR(VLOOKUP(C35,Tabla_Insumos,3,FALSE),0) -> 0 | G35: =ROUND(E35*F35,2) -> 0
F36: Total B | G36: =SUBTOTAL(9,G28:G35) -> 0
C37: C - EQUIPOS
A38: =IFERROR(VLOOKUP(C38,Tabla_Insumos,4,FALSE),"") | B38: =IFERROR(VLOOKUP(C38,Tabla_Insumos,5,FALSE),"") | D38: =IFERROR(VLOOKUP(C38,Tabla_Insumos,2,FALSE),"") | F38: =IFERROR(VLOOKUP(C38,Tabla_Insumos,3,FALSE),0) -> 0 | G38: =ROUND(E38*F38,2) -> 0
A39: =IFERROR(VLOOKUP(C39,Tabla_Insumos,4,FALSE),"") | B39: =IFERROR(VLOOKUP(C39,Tabla_Insumos,5,FALSE),"") | D39: =IFERROR(VLOOKUP(C39,Tabla_Insumos,2,FALSE),"") | F39: =IFERROR(VLOOKUP(C39,Tabla_Insumos,3,FALSE),0) -> 0 | G39: =ROUND(E39*F39,2) -> 0
A40: =IFERROR(VLOOKUP(C40,Tabla_Insumos,4,FALSE),"") | B40: =IFERROR(VLOOKUP(C40,Tabla_Insumos,5,FALSE),"") | D40: =IFERROR(VLOOKUP(C40,Tabla_Insumos,2,FALSE),"") | F40: =IFERROR(VLOOKUP(C40,Tabla_Insumos,3,FALSE),0) -> 0 | G40: =ROUND(E40*F40,2) -> 0
A41: =IFERROR(VLOOKUP(C41,Tabla_Insumos,4,FALSE),"") | B41: =IFERROR(VLOOKUP(C41,Tabla_Insumos,5,FALSE),"") | D41: =IFERROR(VLOOKUP(C41,Tabla_Insumos,2,FALSE),"") | F41: =IFERROR(VLOOKUP(C41,Tabla_Insumos,3,FALSE),0) -> 0 | G41: =ROUND(E41*F41,2) -> 0
A42: =IFERROR(VLOOKUP(C42,Tabla_Insumos,4,FALSE),"") | B42: =IFERROR(VLOOKUP(C42,Tabla_Insumos,5,FALSE),"") | D42: =IFERROR(VLOOKUP(C42,Tabla_Insumos,2,FALSE),"") | F42: =IFERROR(VLOOKUP(C42,Tabla_Insumos,3,FALSE),0) -> 0 | G42: =ROUND(E42*F42,2) -> 0
A43: =IFERROR(VLOOKUP(C43,Tabla_Insumos,4,FALSE),"") | B43: =IFERROR(VLOOKUP(C43,Tabla_Insumos,5,FALSE),"") | D43: =IFERROR(VLOOKUP(C43,Tabla_Insumos,2,FALSE),"") | F43: =IFERROR(VLOOKUP(C43,Tabla_Insumos,3,FALSE),0) -> 0 | G43: =ROUND(E43*F43,2) -> 0
A44: =IFERROR(VLOOKUP(C44,Tabla_Insumos,4,FALSE),"") | B44: =IFERROR(VLOOKUP(C44,Tabla_Insumos,5,FALSE),"") | D44: =IFERROR(VLOOKUP(C44,Tabla_Insumos,2,FALSE),"") | F44: =IFERROR(VLOOKUP(C44,Tabla_Insumos,3,FALSE),0) -> 0 | G44: =ROUND(E44*F44,2) -> 0
A45: =IFERROR(VLOOKUP(C45,Tabla_Insumos,4,FALSE),"") | B45: =IFERROR(VLOOKUP(C45,Tabla_Insumos,5,FALSE),"") | D45: =IFERROR(VLOOKUP(C45,Tabla_Insumos,2,FALSE),"") | F45: =IFERROR(VLOOKUP(C45,Tabla_Insumos,3,FALSE),0) -> 0 | G45: =ROUND(E45*F45,2) -> 0
A46: =IFERROR(VLOOKUP(C46,Tabla_Insumos,4,FALSE),"") | B46: =IFERROR(VLOOKUP(C46,Tabla_Insumos,5,FALSE),"") | D46: =IFERROR(VLOOKUP(C46,Tabla_Insumos,2,FALSE),"") | F46: =IFERROR(VLOOKUP(C46,Tabla_Insumos,3,FALSE),0) -> 0 | G46: =ROUND(E46*F46,2) -> 0
F47: Total C | G47: =SUBTOTAL(9,G38:G46) -> 0
A49: =B7 -> 1 | B49: =C7 -> Proyecto Ejecutivo e Ingenieria de detalle | D49: Costo Neto | F49: Total D=A+B+C | G49: =SUBTOTAL(9,G12:G48) -> 0
A51: ANALISIS DE PRECIOS
A52: COMITENTE: | B52: =Comitente -> Dirección de Recursos Energéticos
A53: CONTRATISTA: | B53: =Contratista -> 0
A54: OBRA: | B54: =Obra -> REFACCIÓN Y ACONDICIONAMIENTO DE INSTALACIONES ELÉCTRICAS EN EL CENTRO DE OPERACIONES DE LA PRESA QUEBRADA DE ULLUM | F54: PRECIOS A: | G54: =Fecha_Base -> 0
A55: UBICACIÓN: | B55: =Ubicación -> Dpto. Ullum
A56: RUBRO: | B56: =IFERROR(VALUE(LEFT(B57,FIND(".",B57)-1)),"") | C56: =IFERROR(VLOOKUP(B56,Tabla_CyP,2,FALSE),"")
A57: ITEM: | B57: =IFERROR(VLOOKUP(COUNTIF($A$1:A57,"ANALISIS DE PRECIOS"),Tabla_NumeroItem,2,FALSE),"") -> 2 | C57: =IFERROR(VLOOKUP(B57,Tabla_CyP,2,FALSE),"") -> Tablero Protocolizado de Maniobras/Trasferencia | F57: UNIDAD: | G57: =IFERROR(VLOOKUP(B57,Tabla_CyP,4,FALSE),"") -> Cjto
A59: DATOS REDETERMINACION | C59: DESIGNACION | D59: U | E59: Cantidad | F59: $ Unitarios | G59: $ Parcial
A60: CÓDIGO | B60: DESCRIPCIÓN
C61: A - MATERIALES
A62: =IFERROR(VLOOKUP(C62,Tabla_Insumos,4,FALSE),"") | B62: =IFERROR(VLOOKUP(C62,Tabla_Insumos,5,FALSE),"") | D62: =IFERROR(VLOOKUP(C62,Tabla_Insumos,2,FALSE),"") | F62: =IFERROR(VLOOKUP(C62,Tabla_Insumos,3,FALSE),0) -> 0 | G62: =ROUND(E62*F62,2) -> 0
A63: =IFERROR(VLOOKUP(C63,Tabla_Insumos,4,FALSE),"") | B63: =IFERROR(VLOOKUP(C63,Tabla_Insumos,5,FALSE),"") | D63: =IFERROR(VLOOKUP(C63,Tabla_Insumos,2,FALSE),"") | F63: =IFERROR(VLOOKUP(C63,Tabla_Insumos,3,FALSE),0) -> 0 | G63: =ROUND(E63*F63,2) -> 0
A64: =IFERROR(VLOOKUP(C64,Tabla_Insumos,4,FALSE),"") | B64: =IFERROR(VLOOKUP(C64,Tabla_Insumos,5,FALSE),"") | D64: =IFERROR(VLOOKUP(C64,Tabla_Insumos,2,FALSE),"") | F64: =IFERROR(VLOOKUP(C64,Tabla_Insumos,3,FALSE),0) -> 0 | G64: =ROUND(E64*F64,2) -> 0
A65: =IFERROR(VLOOKUP(C65,Tabla_Insumos,4,FALSE),"") | B65: =IFERROR(VLOOKUP(C65,Tabla_Insumos,5,FALSE),"") | D65: =IFERROR(VLOOKUP(C65,Tabla_Insumos,2,FALSE),"") | F65: =IFERROR(VLOOKUP(C65,Tabla_Insumos,3,FALSE),0) -> 0 | G65: =ROUND(E65*F65,2) -> 0
A66: =IFERROR(VLOOKUP(C66,Tabla_Insumos,4,FALSE),"") | B66: =IFERROR(VLOOKUP(C66,Tabla_Insumos,5,FALSE),"") | D66: =IFERROR(VLOOKUP(C66,Tabla_Insumos,2,FALSE),"") | F66: =IFERROR(VLOOKUP(C66,Tabla_Insumos,3,FALSE),0) -> 0 | G66: =ROUND(E66*F66,2) -> 0
A67: =IFERROR(VLOOKUP(C67,Tabla_Insumos,4,FALSE),"") | B67: =IFERROR(VLOOKUP(C67,Tabla_Insumos,5,FALSE),"") | D67: =IFERROR(VLOOKUP(C67,Tabla_Insumos,2,FALSE),"") | F67: =IFERROR(VLOOKUP(C67,Tabla_Insumos,3,FALSE),0) -> 0 | G67: =ROUND(E67*F67,2) -> 0
A68: =IFERROR(VLOOKUP(C68,Tabla_Insumos,4,FALSE),"") | B68: =IFERROR(VLOOKUP(C68,Tabla_Insumos,5,FALSE),"") | D68: =IFERROR(VLOOKUP(C68,Tabla_Insumos,2,FALSE),"") | F68: =IFERROR(VLOOKUP(C68,Tabla_Insumos,3,FALSE),0) -> 0 | G68: =ROUND(E68*F68,2) -> 0
A69: =IFERROR(VLOOKUP(C69,Tabla_Insumos,4,FALSE),"") | B69: =IFERROR(VLOOKUP(C69,Tabla_Insumos,5,FALSE),"") | D69: =IFERROR(VLOOKUP(C69,Tabla_Insumos,2,FALSE),"") | F69: =IFERROR(VLOOKUP(C69,Tabla_Insumos,3,FALSE),0) -> 0 | G69: =ROUND(E69*F69,2) -> 0
A70: =IFERROR(VLOOKUP(C70,Tabla_Insumos,4,FALSE),"") | B70: =IFERROR(VLOOKUP(C70,Tabla_Insumos,5,FALSE),"") | D70: =IFERROR(VLOOKUP(C70,Tabla_Insumos,2,FALSE),"") | F70: =IFERROR(VLOOKUP(C70,Tabla_Insumos,3,FALSE),0) -> 0 | G70: =ROUND(E70*F70,2) -> 0
A71: =IFERROR(VLOOKUP(C71,Tabla_Insumos,4,FALSE),"") | B71: =IFERROR(VLOOKUP(C71,Tabla_Insumos,5,FALSE),"") | D71: =IFERROR(VLOOKUP(C71,Tabla_Insumos,2,FALSE),"") | F71: =IFERROR(VLOOKUP(C71,Tabla_Insumos,3,FALSE),0) -> 0 | G71: =ROUND(E71*F71,2) -> 0
A72: =IFERROR(VLOOKUP(C72,Tabla_Insumos,4,FALSE),"") | B72: =IFERROR(VLOOKUP(C72,Tabla_Insumos,5,FALSE),"") | D72: =IFERROR(VLOOKUP(C72,Tabla_Insumos,2,FALSE),"") | F72: =IFERROR(VLOOKUP(C72,Tabla_Insumos,3,FALSE),0) -> 0 | G72: =ROUND(E72*F72,2) -> 0
A73: =IFERROR(VLOOKUP(C73,Tabla_Insumos,4,FALSE),"") | B73: =IFERROR(VLOOKUP(C73,Tabla_Insumos,5,FALSE),"") | D73: =IFERROR(VLOOKUP(C73,Tabla_Insumos,2,FALSE),"") | F73: =IFERROR(VLOOKUP(C73,Tabla_Insumos,3,FALSE),0) -> 0 | G73: =ROUND(E73*F73,2) -> 0
... A75: =IFERROR(VLOOKUP(C75,Tabla_Insumos,4,FALSE),"") | B75: =IFERROR(VLOOKUP(C75,Tabla_Insumos,5,FALSE),"") | D75: =IFERROR(VLOOKUP(C75,Tabla_Insumos,2,FALSE),"") | F75: =IFERROR(VLOOKUP(C75,Tabla_Insumos,3,FALSE),0) -> 0 | G75: =ROUND(E75*F75,2) -> 0
F76: Total A | G76: =SUBTOTAL(9,G62:G75) -> 0
C77: B - MANO DE OBRA
A78: =IFERROR(VLOOKUP(C78,Tabla_Insumos,4,FALSE),"") | B78: =IFERROR(VLOOKUP(A78,Tabla_Indices,5,FALSE),"") -> 0 | D78: =IFERROR(VLOOKUP(C78,Tabla_Insumos,2,FALSE),"") | F78: =IFERROR(VLOOKUP(C78,Tabla_Insumos,3,FALSE),0) -> 0 | G78: =ROUND(E78*F78,2) -> 0
A79: =IFERROR(VLOOKUP(C79,Tabla_Insumos,4,FALSE),"") | B79: =IFERROR(VLOOKUP(A79,Tabla_Indices,5,FALSE),"") -> 0 | D79: =IFERROR(VLOOKUP(C79,Tabla_Insumos,2,FALSE),"") | F79: =IFERROR(VLOOKUP(C79,Tabla_Insumos,3,FALSE),0) -> 0 | G79: =ROUND(E79*F79,2) -> 0
A80: =IFERROR(VLOOKUP(C80,Tabla_Insumos,4,FALSE),"") | B80: =IFERROR(VLOOKUP(A80,Tabla_Indices,5,FALSE),"") -> 0 | D80: =IFERROR(VLOOKUP(C80,Tabla_Insumos,2,FALSE),"") | F80: =IFERROR(VLOOKUP(C80,Tabla_Insumos,3,FALSE),0) -> 0 | G80: =ROUND(E80*F80,2) -> 0
A81: =IFERROR(VLOOKUP(C81,Tabla_Insumos,4,FALSE),"") | B81: =IFERROR(VLOOKUP(A81,Tabla_Indices,5,FALSE),"") -> 0 | D81: =IFERROR(VLOOKUP(C81,Tabla_Insumos,2,FALSE),"") | F81: =IFERROR(VLOOKUP(C81,Tabla_Insumos,3,FALSE),0) -> 0 | G81: =ROUND(E81*F81,2) -> 0
A82: =IFERROR(VLOOKUP(C82,Tabla_Insumos,4,FALSE),"") | B82: =IFERROR(VLOOKUP(A82,Tabla_Indices,5,FALSE),"") -> 0 | D82: =IFERROR(VLOOKUP(C82,Tabla_Insumos,2,FALSE),"") | F82: =IFERROR(VLOOKUP(C82,Tabla_Insumos,3,FALSE),0) -> 0 | G82: =ROUND(E82*F82,2) -> 0
A83: =IFERROR(VLOOKUP(C83,Tabla_Insumos,4,FALSE),"") | B83: =IFERROR(VLOOKUP(A83,Tabla_Indices,5,FALSE),"") -> 0 | D83: =IFERROR(VLOOKUP(C83,Tabla_Insumos,2,FALSE),"") | F83: =IFERROR(VLOOKUP(C83,Tabla_Insumos,3,FALSE),0) -> 0 | G83: =ROUND(E83*F83,2) -> 0
A84: =IFERROR(VLOOKUP(C84,Tabla_Insumos,4,FALSE),"") | B84: =IFERROR(VLOOKUP(A84,Tabla_Indices,5,FALSE),"") -> 0 | D84: =IFERROR(VLOOKUP(C84,Tabla_Insumos,2,FALSE),"") | F84: =IFERROR(VLOOKUP(C84,Tabla_Insumos,3,FALSE),0) -> 0 | G84: =ROUND(E84*F84,2) -> 0
A85: =IFERROR(VLOOKUP(C85,Tabla_Insumos,4,FALSE),"") | B85: =IFERROR(VLOOKUP(A85,Tabla_Indices,5,FALSE),"") -> 0 | D85: =IFERROR(VLOOKUP(C85,Tabla_Insumos,2,FALSE),"") | F85: =IFERROR(VLOOKUP(C85,Tabla_Insumos,3,FALSE),0) -> 0 | G85: =ROUND(E85*F85,2) -> 0
F86: Total B | G86: =SUBTOTAL(9,G78:G85) -> 0
C87: C - EQUIPOS
A88: =IFERROR(VLOOKUP(C88,Tabla_Insumos,4,FALSE),"") | B88: =IFERROR(VLOOKUP(C88,Tabla_Insumos,5,FALSE),"") | D88: =IFERROR(VLOOKUP(C88,Tabla_Insumos,2,FALSE),"") | F88: =IFERROR(VLOOKUP(C88,Tabla_Insumos,3,FALSE),0) -> 0 | G88: =ROUND(E88*F88,2) -> 0
A89: =IFERROR(VLOOKUP(C89,Tabla_Insumos,4,FALSE),"") | B89: =IFERROR(VLOOKUP(C89,Tabla_Insumos,5,FALSE),"") | D89: =IFERROR(VLOOKUP(C89,Tabla_Insumos,2,FALSE),"") | F89: =IFERROR(VLOOKUP(C89,Tabla_Insumos,3,FALSE),0) -> 0 | G89: =ROUND(E89*F89,2) -> 0
A90: =IFERROR(VLOOKUP(C90,Tabla_Insumos,4,FALSE),"") | B90: =IFERROR(VLOOKUP(C90,Tabla_Insumos,5,FALSE),"") | D90: =IFERROR(VLOOKUP(C90,Tabla_Insumos,2,FALSE),"") | F90: =IFERROR(VLOOKUP(C90,Tabla_Insumos,3,FALSE),0) -> 0 | G90: =ROUND(E90*F90,2) -> 0
A91: =IFERROR(VLOOKUP(C91,Tabla_Insumos,4,FALSE),"") | B91: =IFERROR(VLOOKUP(C91,Tabla_Insumos,5,FALSE),"") | D91: =IFERROR(VLOOKUP(C91,Tabla_Insumos,2,FALSE),"") | F91: =IFERROR(VLOOKUP(C91,Tabla_Insumos,3,FALSE),0) -> 0 | G91: =ROUND(E91*F91,2) -> 0
A92: =IFERROR(VLOOKUP(C92,Tabla_Insumos,4,FALSE),"") | B92: =IFERROR(VLOOKUP(C92,Tabla_Insumos,5,FALSE),"") | D92: =IFERROR(VLOOKUP(C92,Tabla_Insumos,2,FALSE),"") | F92: =IFERROR(VLOOKUP(C92,Tabla_Insumos,3,FALSE),0) -> 0 | G92: =ROUND(E92*F92,2) -> 0
A93: =IFERROR(VLOOKUP(C93,Tabla_Insumos,4,FALSE),"") | B93: =IFERROR(VLOOKUP(C93,Tabla_Insumos,5,FALSE),"") | D93: =IFERROR(VLOOKUP(C93,Tabla_Insumos,2,FALSE),"") | F93: =IFERROR(VLOOKUP(C93,Tabla_Insumos,3,FALSE),0) -> 0 | G93: =ROUND(E93*F93,2) -> 0
A94: =IFERROR(VLOOKUP(C94,Tabla_Insumos,4,FALSE),"") | B94: =IFERROR(VLOOKUP(C94,Tabla_Insumos,5,FALSE),"") | D94: =IFERROR(VLOOKUP(C94,Tabla_Insumos,2,FALSE),"") | F94: =IFERROR(VLOOKUP(C94,Tabla_Insumos,3,FALSE),0) -> 0 | G94: =ROUND(E94*F94,2) -> 0
A95: =IFERROR(VLOOKUP(C95,Tabla_Insumos,4,FALSE),"") | B95: =IFERROR(VLOOKUP(C95,Tabla_Insumos,5,FALSE),"") | D95: =IFERROR(VLOOKUP(C95,Tabla_Insumos,2,FALSE),"") | F95: =IFERROR(VLOOKUP(C95,Tabla_Insumos,3,FALSE),0) -> 0 | G95: =ROUND(E95*F95,2) -> 0
A96: =IFERROR(VLOOKUP(C96,Tabla_Insumos,4,FALSE),"") | B96: =IFERROR(VLOOKUP(C96,Tabla_Insumos,5,FALSE),"") | D96: =IFERROR(VLOOKUP(C96,Tabla_Insumos,2,FALSE),"") | F96: =IFERROR(VLOOKUP(C96,Tabla_Insumos,3,FALSE),0) -> 0 | G96: =ROUND(E96*F96,2) -> 0
F97: Total C | G97: =SUBTOTAL(9,G88:G96) -> 0
A99: =B57 -> 2 | B99: =C57 -> Tablero Protocolizado de Maniobras/Trasferencia | D99: Costo Neto | F99: Total D=A+B+C | G99: =SUBTOTAL(9,G62:G98) -> 0
A101: ANALISIS DE PRECIOS
A102: COMITENTE: | B102: =Comitente -> Dirección de Recursos Energéticos
A103: CONTRATISTA: | B103: =Contratista -> 0
A104: OBRA: | B104: =Obra -> REFACCIÓN Y ACONDICIONAMIENTO DE INSTALACIONES ELÉCTRICAS EN EL CENTRO DE OPERACIONES DE LA PRESA QUEBRADA DE ULLUM | F104: PRECIOS A: | G104: =Fecha_Base -> 0
A105: UBICACIÓN: | B105: =Ubicación -> Dpto. Ullum
A106: RUBRO: | B106: =IFERROR(VALUE(LEFT(B107,FIND(".",B107)-1)),"") | C106: =IFERROR(VLOOKUP(B106,Tabla_CyP,2,FALSE),"")
A107: ITEM: | B107: =IFERROR(VLOOKUP(COUNTIF($A$1:A107,"ANALISIS DE PRECIOS"),Tabla_NumeroItem,2,FALSE),"") -> 3 | C107: =IFERROR(VLOOKUP(B107,Tabla_CyP,2,FALSE),"") -> Tablero Protocolizado de Potencia | F107: UNIDAD: | G107: =IFERROR(VLOOKUP(B107,Tabla_CyP,4,FALSE),"") -> Cjto
A109: DATOS REDETERMINACION | C109: DESIGNACION | D109: U | E109: Cantidad | F109: $ Unitarios | G109: $ Parcial
...

Sheet PTyCI
A1: COMITENTE : | C1: =Comitente -> Dirección de Recursos Energéticos
A2: OBRA : | C2: =Obra -> REFACCIÓN Y ACONDICIONAMIENTO DE INSTALACIONES ELÉCTRICAS EN EL CENTRO DE OPERACIONES DE LA PRESA QUEBRADA DE ULLUM
A3: UBICACION: | C3: =Ubicación -> Dpto. Ullum
A4: LICITACIÓN PRIVADA N°: | C4: =Licitación_N° -> 06-2025
A5: PLAZO DE OBRA: | C5: =Plazo_Obra -> 180
A6: EMPRESA CONSTRUCTORA: | C6: =Contratista -> 0
A8: PLAN DE TRABAJO Y CURVA DE INVERSIONES
A10: RUBRO ITEM | B10: DESIGNACION | D10: PORCENTAJE INCIDENCIA DEL ITEM | F10: MESES | M10: TOTAL PARA CONTROL
E11: 0 | F11: 1 | G11: =F11+1 -> 2 | H11: =G11+1 -> 3 | I11: =H11+1 -> 4 | J11: =I11+1 -> 5 | K11: =J11+1 -> 6
A13: =CyP!A18 -> 1 | B13: =IFERROR(VLOOKUP(A13,Tabla_CyP,2,FALSE),"") -> Proyecto Ejecutivo e Ingenieria de detalle | D13: =IFERROR(VLOOKUP(A13,Tabla_CyP,9,FALSE),0) -> 0 | M13: =SUM(F13:K13) -> 0
A14: =CyP!A19 -> 2 | B14: =IFERROR(VLOOKUP(A14,Tabla_CyP,2,FALSE),"") -> Tablero Protocolizado de Maniobras/Trasferencia | D14: =IFERROR(VLOOKUP(A14,Tabla_CyP,9,FALSE),0) -> 0 | M14: =SUM(F14:K14) -> 0
A15: =CyP!A20 -> 3 | B15: =IFERROR(VLOOKUP(A15,Tabla_CyP,2,FALSE),"") -> Tablero Protocolizado de Potencia | D15: =IFERROR(VLOOKUP(A15,Tabla_CyP,9,FALSE),0) -> 0 | M15: =SUM(F15:K15) -> 0
A16: =CyP!A21 -> 4 | B16: =IFERROR(VLOOKUP(A16,Tabla_CyP,2,FALSE),"") -> Tablero Protocolizado de Iluminación | D16: =IFERROR(VLOOKUP(A16,Tabla_CyP,9,FALSE),0) -> 0 | M16: =SUM(F16:K16) -> 0
A17: =CyP!A22 -> 5 | B17: =IFERROR(VLOOKUP(A17,Tabla_CyP,2,FALSE),"") -> Recambio de Luminarias y conductor en torre N°1 | D17: =IFERROR(VLOOKUP(A17,Tabla_CyP,9,FALSE),0) -> 0 | M17: =SUM(F17:K17) -> 0
A18: =CyP!A23 -> 6 | B18: =IFERROR(VLOOKUP(A18,Tabla_CyP,2,FALSE),"") -> Recambio de Luminarias en torre N°2 | D18: =IFERROR(VLOOKUP(A18,Tabla_CyP,9,FALSE),0) -> 0 | M18: =SUM(F18:K18) -> 0
A19: =CyP!A24 -> 7 | B19: =IFERROR(VLOOKUP(A19,Tabla_CyP,2,FALSE),"") -> Recambio de Luminarias y conductor en torre N°3 | D19: =IFERROR(VLOOKUP(A19,Tabla_CyP,9,FALSE),0) -> 0 | M19: =SUM(F19:K19) -> 0
A20: =CyP!A25 -> 8 | B20: =IFERROR(VLOOKUP(A20,Tabla_CyP,2,FALSE),"") -> Recambio de Luminarias y conductor en torre N°4 | D20: =IFERROR(VLOOKUP(A20,Tabla_CyP,9,FALSE),0) -> 0 | M20: =SUM(F20:K20) -> 0
A21: =CyP!A26 -> 9 | B21: =IFERROR(VLOOKUP(A21,Tabla_CyP,2,FALSE),"") -> Recambio de Luminarias y conductor en torre N°5 | D21: =IFERROR(VLOOKUP(A21,Tabla_CyP,9,FALSE),0) -> 0 | M21: =SUM(F21:K21) -> 0
A22: =CyP!A27 -> 10 | B22: =IFERROR(VLOOKUP(A22,Tabla_CyP,2,FALSE),"") -> Reparación del sistema luminarias sobre el coronamiento | D22: =IFERROR(VLOOKUP(A22,Tabla_CyP,9,FALSE),0) -> 0 | M22: =SUM(F22:K22) -> 0
A23: =CyP!A28 -> 11 | B23: =IFERROR(VLOOKUP(A23,Tabla_CyP,2,FALSE),"") -> Grupo Eléctrogeno 1 | D23: =IFERROR(VLOOKUP(A23,Tabla_CyP,9,FALSE),0) -> 0 | M23: =SUM(F23:K23) -> 0
A24: =CyP!A29 -> 12 | B24: =IFERROR(VLOOKUP(A24,Tabla_CyP,2,FALSE),"") -> Grupo Eléctrogeno 2 | D24: =IFERROR(VLOOKUP(A24,Tabla_CyP,9,FALSE),0) -> 0 | M24: =SUM(F24:K24) -> 0
... A32: =CyP!A37 -> 20 | B32: =IFERROR(VLOOKUP(A32,Tabla_CyP,2,FALSE),"") -> Equipos | D32: =IFERROR(VLOOKUP(A32,Tabla_CyP,9,FALSE),0) -> 0 | M32: =SUM(F32:K32) -> 0
A33: =CyP!A38 | B33: TOTAL | D33: =SUM(D13:D32) -> 0 | M33: =SUM(F33:K33) -> 0
D35: Avance Mensual | E35: 0 | F35: =SUMPRODUCT($D$13:$D$32,F13:F32) -> 0 | G35: =SUMPRODUCT($D$13:$D$32,G13:G32) -> 0 | H35: =SUMPRODUCT($D$13:$D$32,H13:H32) -> 0 | I35: =SUMPRODUCT($D$13:$D$32,I13:I32) -> 0 | J35: =SUMPRODUCT($D$13:$D$32,J13:J32) -> 0 | K35: =SUMPRODUCT($D$13:$D$32,K13:K32) -> 0
D36: Avance Acumulado | E36: 0 | F36: =E36+F35 -> 0 | G36: =F36+G35 -> 0 | H36: =G36+H35 -> 0 | I36: =H36+I35 -> 0 | J36: =I36+J35 -> 0 | K36: =J36+K35 -> 0
E37: Anticipo Financiero
D38: Inversión Mensual | E38: =Anticipo_Financiero*Monto_Oferta -> 0 | F38: =Monto_Oferta*F35*(1-Anticipo_Financiero) -> 0 | G38: =Monto_Oferta*G35*(1-Anticipo_Financiero) -> 0 | H38: =Monto_Oferta*H35*(1-Anticipo_Financiero) -> 0 | I38: =Monto_Oferta*I35*(1-Anticipo_Financiero) -> 0 | J38: =Monto_Oferta*J35*(1-Anticipo_Financiero) -> 0 | K38: =Monto_Oferta*K35*(1-Anticipo_Financiero) -> 0
D39: Inversión Acumulada | E39: =E38 -> 0 | F39: =E39+F38 -> 0 | G39: =F39+G38 -> 0 | H39: =G39+H38 -> 0 | I39: =H39+I38 -> 0 | J39: =I39+J38 -> 0 | K39: =J39+K38 -> 0
E40: 0
E41: 0

Sheet Avance Obra
C1: ="OBRA: " & UPPER(Obra) -> OBRA: REFACCIÓN Y ACONDICIONAMIENTO DE INSTALACIONES ELÉCTRICAS EN EL CENTRO DE OPERACIONES DE LA PRESA QUEBRADA DE ULLUM
C2: PLAN DE TRABAJO
C3: AVANCE PORCENTUAL OBRA

Sheet Curva Inversiones
C1: ="OBRA: " & UPPER(Obra) -> OBRA: REFACCIÓN Y ACONDICIONAMIENTO DE INSTALACIONES ELÉCTRICAS EN EL CENTRO DE OPERACIONES DE LA PRESA QUEBRADA DE ULLUM
C2: CURVA DE INVERSIÓN
C3: AVANCE MONETARIO

Sheet Gastos Generales
A1: COMITENTE : | B1: =Comitente -> Dirección de Recursos Energéticos
A2: OBRA : | B2: =Obra -> REFACCIÓN Y ACONDICIONAMIENTO DE INSTALACIONES ELÉCTRICAS EN EL CENTRO DE OPERACIONES DE LA PRESA QUEBRADA DE ULLUM
A3: UBICACION: | B3: =Ubicación -> Dpto. Ullum
A4: LICITACIÓN PRIVADA N°: | B4: =Licitación_N° -> 06-2025
A5: EMPRESA CONSTRUCTORA: | B5: =Contratista -> 0
A7: COMPOSICION DE GASTOS GENERALES
A8: (Valores Netos sin Impuestos)
C10: Importe | D10: % Incidencia | E10: % Incid. Rubro
A11: Total Gastos Generales de Obra | C11: =ROUND(SUBTOTAL(9,C12:C34),2) -> 0 | D11: =SUBTOTAL(9,D12:D34) -> 0
D12: =IFERROR(C12/GG_Obra,0) -> 0 | E12: =IFERROR(C12/Gastos_Generales_Pesos,0) -> 0
D13: =IFERROR(C13/GG_Obra,0) -> 0 | E13: =IFERROR(C13/Gastos_Generales_Pesos,0) -> 0
D14: =IFERROR(C14/GG_Obra,0) -> 0 | E14: =IFERROR(C14/Gastos_Generales_Pesos,0) -> 0
D15: =IFERROR(C15/GG_Obra,0) -> 0 | E15: =IFERROR(C15/Gastos_Generales_Pesos,0) -> 0
D16: =IFERROR(C16/GG_Obra,0) -> 0 | E16: =IFERROR(C16/Gastos_Generales_Pesos,0) -> 0
D17: =IFERROR(C17/GG_Obra,0) -> 0 | E17: =IFERROR(C17/Gastos_Generales_Pesos,0) -> 0
D18: =IFERROR(C18/GG_Obra,0) -> 0 | E18: =IFERROR(C18/Gastos_Generales_Pesos,0) -> 0
D19: =IFERROR(C19/GG_Obra,0) -> 0 | E19: =IFERROR(C19/Gastos_Generales_Pesos,0) -> 0
D20: =IFERROR(C20/GG_Obra,0) -> 0 | E20: =IFERROR(C20/Gastos_Generales_Pesos,0) -> 0
D21: =IFERROR(C21/GG_Obra,0) -> 0 | E21: =IFERROR(C21/Gastos_Generales_Pesos,0) -> 0
D22: =IFERROR(C22/GG_Obra,0) -> 0 | E22: =IFERROR(C22/Gastos_Generales_Pesos,0) -> 0
D23: =IFERROR(C23/GG_Obra,0) -> 0 | E23: =IFERROR(C23/Gastos_Generales_Pesos,0) -> 0
... D34: =IFERROR(C34/GG_Obra,0) -> 0 | E34: =IFERROR(C34/Gastos_Generales_Pesos,0) -> 0
A36: Gastos Generales de la Empresa | C36: =ROUND(SUBTOTAL(9,C37:C46),2) -> 0 | D36: =SUBTOTAL(9,D37:D53) -> 0
D37: =IFERROR(C37/GG_Empresa,0) -> 0 | E37: =IFERROR(C37/Gastos_Generales_Pesos,0) -> 0
D38: =IFERROR(C38/GG_Empresa,0) -> 0 | E38: =IFERROR(C38/Gastos_Generales_Pesos,0) -> 0
D39: =IFERROR(C39/GG_Empresa,0) -> 0 | E39: =IFERROR(C39/Gastos_Generales_Pesos,0) -> 0
D40: =IFERROR(C40/GG_Empresa,0) -> 0 | E40: =IFERROR(C40/Gastos_Generales_Pesos,0) -> 0
D41: =IFERROR(C41/GG_Empresa,0) -> 0 | E41: =IFERROR(C41/Gastos_Generales_Pesos,0) -> 0
D42: =IFERROR(C42/GG_Empresa,0) -> 0 | E42: =IFERROR(C42/Gastos_Generales_Pesos,0) -> 0
D43: =IFERROR(C43/GG_Empresa,0) -> 0 | E43: =IFERROR(C43/Gastos_Generales_Pesos,0) -> 0
D44: =IFERROR(C44/GG_Empresa,0) -> 0 | E44: =IFERROR(C44/Gastos_Generales_Pesos,0) -> 0
D45: =IFERROR(C45/GG_Empresa,0) -> 0 | E45: =IFERROR(C45/Gastos_Generales_Pesos,0) -> 0
D46: =IFERROR(C46/GG_Empresa,0) -> 0 | E46: =IFERROR(C46/Gastos_Generales_Pesos,0) -> 0
A48: TOTAL GASTOS GENERALES | C48: =ROUND(SUBTOTAL(9,C11:C46),2) -> 0 | E48: =SUBTOTAL(9,E11:E46) -> 0

Sheet Insumos
A1: LISTADO DE INSUMOS - MANO DE OBRA, MATERIALES Y EQUIPOS - PARA LA OBRA
A3: DENOMINACIÓN INSUMO | B3: UN. | C3: PRECIO SIN IVA | D3: CODIGO | E3: DESCRIPCION
A4: MANO DE OBRA
A5: Oficial Especializado | B5: hs. | D5: IIEE-SJ - 101000 | E5: =IFERROR(VLOOKUP(D5,Tabla_Indices,5,FALSE),"") -> Oficial Especializado
A6: Oficial | B6: hs. | D6: IIEE-SJ - 102000 | E6: =IFERROR(VLOOKUP(D6,Tabla_Indices,5,FALSE),"") -> Oficial
A7: Ayudante | B7: hs. | D7: IIEE-SJ - 103000 | E7: =IFERROR(VLOOKUP(D7,Tabla_Indices,5,FALSE),"") -> Ayudante
A8: Cargas Sociales Oficial Especializado | B8: hs. | D8: IIEE-SJ - 101000 | E8: =IFERROR(VLOOKUP(D8,Tabla_Indices,5,FALSE),"") -> Oficial Especializado
A9: Cargas Sociales Oficial | B9: hs. | D9: IIEE-SJ - 102000 | E9: =IFERROR(VLOOKUP(D9,Tabla_Indices,5,FALSE),"") -> Oficial
A10: Cargas Sociales Ayudante | B10: hs. | D10: IIEE-SJ - 103000 | E10: =IFERROR(VLOOKUP(D10,Tabla_Indices,5,FALSE),"") -> Ayudante
A11: Honorarios profesionales | B11: hs | D11: IIEE-SJ - 101000 | E11: =IFERROR(VLOOKUP(D11,Tabla_Indices,5,FALSE),"") -> Oficial Especializado
A12: EQUIPOS
A13: Camión volcador | B13: Hs | D13: INDEC-SA - 71240-11 | E13: =IFERROR(VLOOKUP(D13,Tabla_Indices,5,FALSE),"") -> Camión volcador
A14: Camión volcador - regador | B14: Hs | D14: INDEC-SA - 71240-11 | E14: =IFERROR(VLOOKUP(D14,Tabla_Indices,5,FALSE),"") -> Camión volcador
A15: Equipo compactador mecanico | B15: Hs | D15: INDEC-EC - 44231-11 | E15: =IFERROR(VLOOKUP(D15,Tabla_Indices,5,FALSE),"") -> Vibrador a péndulo
A16: Herramientas de mano | B16: Hs | D16: INDEC-PB - 42921-2 | E16: =IFERROR(VLOOKUP(D16,Tabla_Indices,5,FALSE),"") -> Herramientas de mano
A17: Pluma 300 Kg. - manitou | B17: Hs | D17: INDEC-EC - 43520-21 | E17: =IFERROR(VLOOKUP(D17,Tabla_Indices,5,FALSE),"") -> Pluma 300 Kg.
A18: Retroexcavadora cat 416 + martillo demoledor | B18: Hs | D18: INDEC-GG 51800-21 | E18: =IFERROR(VLOOKUP(D18,Tabla_Indices,5,FALSE),"") -> Alquiler de retroexcavadora
A19: Camión volcador con acoplado | B19: Hs | D19: INDEC-SA - 71240-11 | E19: =IFERROR(VLOOKUP(D19,Tabla_Indices,5,FALSE),"") -> Camión volcador
A20: Camioneta | B20: Hs | D20: INDEC-GG 71233-11 | E20: =IFERROR(VLOOKUP(D20,Tabla_Indices,5,FALSE),"") -> Alquiler de camioneta
A21: Grua para 100 mts | B21: hs | D21: INDEC-EC - 43520-21 | E21: =IFERROR(VLOOKUP(D21,Tabla_Indices,5,FALSE),"") -> Pluma 300 Kg.
A22: nivel optico | B22: hs | D22: INDEC-PB - 42921-2 | E22: =IFERROR(VLOOKUP(D22,Tabla_Indices,5,FALSE),"") -> Herramientas de mano
E23: =IFERROR(VLOOKUP(D23,Tabla_Indices,5,FALSE),"")
E24: =IFERROR(VLOOKUP(D24,Tabla_Indices,5,FALSE),"")
E25: =IFERROR(VLOOKUP(D25,Tabla_Indices,5,FALSE),"")
A26: MATERIALES VARIOS
A27: Accesorios Instalacion TVR ( panel , control inalamabrico , touch screen , etc ) | B27: gl | D27: INDEC-PB - 46112-1 | E27: =IFERROR(VLOOKUP(D27,Tabla_Indices,5,FALSE),"") -> Motores eléctricos
A28: Adhesivo para pisos y revestimientos cerámicos | B28: Kg | D28: INDEC-CM - 37440-21 | E28: =IFERROR(VLOOKUP(D28,Tabla_Indices,5,FALSE),"") -> Adhesivo para pisos y revestimientos cerámicos
A29: Adhesivo para pisos y revestimientos cerámicos | B29: Kg | D29: INDEC-CM - 37440-21 | E29: =IFERROR(VLOOKUP(D29,Tabla_Indices,5,FALSE),"") -> Adhesivo para pisos y revestimientos cerámicos
A30: Alambres de acero | B30: kg | D30: INDEC-PB - 41263-1 | E30: =IFERROR(VLOOKUP(D30,Tabla_Indices,5,FALSE),"") -> Alambres de acero
A31: Alumbrado de seguridad ( postado + luminarias ) | B31: gl | D31: INDEC-CM - 46531-12 | E31: =IFERROR(VLOOKUP(D31,Tabla_Indices,5,FALSE),"") -> Iluminación de emergencia
A32: Alumbrado de seguridad ( postado + luminarias ) | B32: gl | D32: INDEC-CM - 46531-12 | E32: =IFERROR(VLOOKUP(D32,Tabla_Indices,5,FALSE),"") -> Iluminación de emergencia
A33: Anafe a gas 4 anillos para hollas 100 litros | B33: un | D33: INDEC-CM - 44821-11 | E33: =IFERROR(VLOOKUP(D33,Tabla_Indices,5,FALSE),"") -> Anafe a gas
A34: Anafe a gas 4 anillos para hollas 100 litros | B34: un | D34: INDEC-CM - 44821-11 | E34: =IFERROR(VLOOKUP(D34,Tabla_Indices,5,FALSE),"") -> Anafe a gas
A35: Anafe con anillos | B35: gl | D35: INDEC-CM - 44821-11 | E35: =IFERROR(VLOOKUP(D35,Tabla_Indices,5,FALSE),"") -> Anafe a gas
A36: Anafe con anillos | B36: ud | D36: INDEC-CM - 44821-11 | E36: =IFERROR(VLOOKUP(D36,Tabla_Indices,5,FALSE),"") -> Anafe a gas
A37: Anafe electrico | B37: gl | D37: INDEC-PB - 46112-1 | E37: =IFERROR(VLOOKUP(D37,Tabla_Indices,5,FALSE),"") -> Motores eléctricos
A38: Anafe electrico | B38: gl | D38: INDEC-PB - 46112-1 | E38: =IFERROR(VLOOKUP(D38,Tabla_Indices,5,FALSE),"") -> Motores eléctricos
... A113: Caños electricos semipesados | B113: ud | D113: INDEC-PB - 36320-1 | E113: =IFERROR(VLOOKUP(D113,Tabla_Indices,5,FALSE),"") -> Caños y tubos de PVC
A114: carga de gas glp | B114: gl | E114: =IFERROR(VLOOKUP(D114,Tabla_Indices,5,FALSE),"")
A115: Carpinteria de aluminio ventanas | B115: m2 | D115: INDEC-PB - 41532-11 | E115: =IFERROR(VLOOKUP(D115,Tabla_Indices,5,FALSE),"") -> Lingotes de aluminio y sus aleaciones
A116: Carpinteria de madera , puertas, muebles , etc | B116: gl | D116: INDEC-PB - 31430-1 | E116: =IFERROR(VLOOKUP(D116,Tabla_Indices,5,FALSE),"") -> Maderas aglomeradas
A117: Carpinteria Metalica marcos, puertas , portones , etc | B117: m2 | D117: INDEC-CM - 42120-11 | E117: =IFERROR(VLOOKUP(D117,Tabla_Indices,5,FALSE),"") -> Puerta metálica vidriada
A118: carpinteria metalica sector existente | B118: gl | D118: INDEC-CM - 42120-11 | E118: =IFERROR(VLOOKUP(D118,Tabla_Indices,5,FALSE),"") -> Puerta metálica vidriada
A119: Cartel de obra | B119: gl | D119: INDEC-PB - 42999-2 | E119: =IFERROR(VLOOKUP(D119,Tabla_Indices,5,FALSE),"") -> Chapas metálicas
A120: Cartel escudo institucional | B120: ud | D120: INDEC-PB - 42999-2 | E120: =IFERROR(VLOOKUP(D120,Tabla_Indices,5,FALSE),"") -> Chapas metálicas
A121: Cartel generico Bandera | B121: ud | D121: INDEC-PB - 42999-2 | E121: =IFERROR(VLOOKUP(D121,Tabla_Indices,5,FALSE),"") -> Chapas metálicas
A122: Cartel generico colgante | B122: ud | D122: INDEC-PB - 34730-1 | E122: =IFERROR(VLOOKUP(D122,Tabla_Indices,5,FALSE),"") -> Polímeros del cloruro de vinilo
A123: Cartel generico IN SITU | B123: ud | D123: INDEC-PB - 31430-1 | E123: =IFERROR(VLOOKUP(D123,Tabla_Indices,5,FALSE),"") -> Maderas aglomeradas
A124: Carteleria | B124: gl | D124: INDEC-PB - 34730-1 | E124: =IFERROR(VLOOKUP(D124,Tabla_Indices,5,FALSE),"") -> Polímeros del cloruro de vinilo
A125: Carteleria de señalizacion | B125: gl | D125: INDEC-PB - 42999-2 | E125: =IFERROR(VLOOKUP(D125,Tabla_Indices,5,FALSE),"") -> Chapas metálicas
A126: Casilla para obrador | B126: gl | D126: INDEC-GG 53111-1 | E126: =IFERROR(VLOOKUP(D126,Tabla_Indices,5,FALSE),"") -> Casilla para obrador
... A169: Enduido Plástico | B169: kg | D169: INDEC-PB - 35110-1 | E169: =IFERROR(VLOOKUP(D169,Tabla_Indices,5,FALSE),"") -> Enduído para paredes
A170: endurecedor ( ferrocement ) | D170: INDEC-CM - 37440-21 | E170: =IFERROR(VLOOKUP(D170,Tabla_Indices,5,FALSE),"") -> Adhesivo para pisos y revestimientos cerámicos
A171: Equipaminto deportivo | B171: gl | D171: INDEC-PB - 31420-1 | E171: =IFERROR(VLOOKUP(D171,Tabla_Indices,5,FALSE),"") -> Maderas terciadas fenólicas
A172: Equipo AC frio calor 12000 | B172: ud | D172: INDEC-PB - 291- | E172: =IFERROR(VLOOKUP(D172,Tabla_Indices,5,FALSE),"") -> Máquinas de uso general (incluye: Motores a explosión de uso industrial, Electrobombas, Compresores y sus repuestos, Rodamientos, Cintas transportadoras, Elevadores de cereales, Máquinas para limpieza de pisos y alfombras, Balanzas, Básculas, Envasadoras, Acondicionadores de aire y Máquinas para pintar).
A173: Equipo AC frio calor 2250 | B173: ud | D173: INDEC-PB - 291- | E173: =IFERROR(VLOOKUP(D173,Tabla_Indices,5,FALSE),"") -> Máquinas de uso general (incluye: Motores a explosión de uso industrial, Electrobombas, Compresores y sus repuestos, Rodamientos, Cintas transportadoras, Elevadores de cereales, Máquinas para limpieza de pisos y alfombras, Balanzas, Básculas, Envasadoras, Acondicionadores de aire y Máquinas para pintar).
A174: Equipo AC frio calor 8000 | B174: ud | D174: INDEC-PB - 291- | E174: =IFERROR(VLOOKUP(D174,Tabla_Indices,5,FALSE),"") -> Máquinas de uso general (incluye: Motores a explosión de uso industrial, Electrobombas, Compresores y sus repuestos, Rodamientos, Cintas transportadoras, Elevadores de cereales, Máquinas para limpieza de pisos y alfombras, Balanzas, Básculas, Envasadoras, Acondicionadores de aire y Máquinas para pintar).
A175: Equipo de bombeo de lodo | B175: hs | D175: INDEC-PB - 43220-1 | E175: =IFERROR(VLOOKUP(D175,Tabla_Indices,5,FALSE),"") -> Electrobombas
A176: Equipos de AC f/c CASSATTE 2500 a 7000 fri/hs - unidad condesandora - VRV f/c ( para todo el hospital ) Completo | B176: gl | D176: INDEC-DCTO - Inciso i) | E176: =IFERROR(VLOOKUP(D176,Tabla_Indices,5,FALSE),"") -> Motores eléctricos y equipos de aire acondicionado
A177: Equipos de aire acondicionado tipo split marca Carrier 3500 kcal frio calor inverter | B177: Unidad | D177: INDEC-PB - 43220-1 | E177: =IFERROR(VLOOKUP(D177,Tabla_Indices,5,FALSE),"") -> Electrobombas
A178: Equipos de aire acondicionado tipo split marca Carrier 5500 kcal frio calor inverter | B178: Unidad | D178: INDEC-PB - 43220-1 | E178: =IFERROR(VLOOKUP(D178,Tabla_Indices,5,FALSE),"") -> Electrobombas
A179: Equipos de aire acondicionado tipo split marca Carrier 6300 kcal frio calor inverter | B179: Unidad | D179: INDEC-PB - 43220-1 | E179: =IFERROR(VLOOKUP(D179,Tabla_Indices,5,FALSE),"") -> Electrobombas
A180: Escalones de acceso de H°A° | B180: m2 | D180: INDEC-CM - 37510-11 | E180: =IFERROR(VLOOKUP(D180,Tabla_Indices,5,FALSE),"") -> Hormigón elaborado
A181: Escritorio | B181: ud | D181: INDEC-PB - 31420-1 | E181: =IFERROR(VLOOKUP(D181,Tabla_Indices,5,FALSE),"") -> Maderas terciadas fenólicas
A182: Esmalte Antioxido | B182: lts. | D182: INDEC-PB - 35110-2 | E182: =IFERROR(VLOOKUP(D182,Tabla_Indices,5,FALSE),"") -> Esmaltes sintéticos
... A207: Guardasillas | B207: gl | D207: INDEC-CM - 35110-32 | E207: =IFERROR(VLOOKUP(D207,Tabla_Indices,5,FALSE),"") -> Pintura al látex para exteriores
A208: Heladera | B208: gl
A209: Hidrófugo | B209: Lts | D209: INDEC-PB - 37990-1 | E209: =IFERROR(VLOOKUP(D209,Tabla_Indices,5,FALSE),"") -> Hidrófugos
A210: hierro 16 mm tensor | B210: mts | D210: INDEC-PB - 41242-1 | E210: =IFERROR(VLOOKUP(D210,Tabla_Indices,5,FALSE),"") -> Hierros redondos
A211: Hierros | B211: kg | D211: INDEC-PB - 41242-1 | E211: =IFERROR(VLOOKUP(D211,Tabla_Indices,5,FALSE),"") -> Hierros redondos
A212: Hormigón Elaborado | B212: m3 | D212: INDEC-CM - 37510-11 | E212: =IFERROR(VLOOKUP(D212,Tabla_Indices,5,FALSE),"") -> Hormigón elaborado
A213: Hormigon elaborado ( contrapisos ) | B213: m3 | D213: INDEC-PB - 37510-1 | E213: =IFERROR(VLOOKUP(D213,Tabla_Indices,5,FALSE),"") -> Hormigón
A214: Hormigon elaborado ( limpieza) | B214: m3 | D214: INDEC-PB - 37510-1 | E214: =IFERROR(VLOOKUP(D214,Tabla_Indices,5,FALSE),"") -> Hormigón
A215: Hormigón Elaborado ESTRUCTURAL | B215: m3 | D215: INDEC-CM - 37510-11 | E215: =IFERROR(VLOOKUP(D215,Tabla_Indices,5,FALSE),"") -> Hormigón elaborado
A216: Hormigon elaborado H30 | B216: m3 | D216: INDEC-CM - 37510-11 | E216: =IFERROR(VLOOKUP(D216,Tabla_Indices,5,FALSE),"") -> Hormigón elaborado
A217: Hormigon elaboradp H 11 | B217: m3 | D217: INDEC-CM - 37510-11 | E217: =IFERROR(VLOOKUP(D217,Tabla_Indices,5,FALSE),"") -> Hormigón elaborado
A218: Hormigon elaboradp H 13 | B218: m3 | D218: INDEC-CM - 37510-11 | E218: =IFERROR(VLOOKUP(D218,Tabla_Indices,5,FALSE),"") -> Hormigón elaborado
A219: Hormigon elaboradp H 17 | B219: m3 | D219: INDEC-CM - 37510-11 | E219: =IFERROR(VLOOKUP(D219,Tabla_Indices,5,FALSE),"") -> Hormigón elaborado
A220: Hormigon elaboradp H 21 | B220: m3 | D220: INDEC-CM - 37510-11 | E220: =IFERROR(VLOOKUP(D220,Tabla_Indices,5,FALSE),"") -> Hormigón elaborado
... A271: Materiales de gas varios | B271: gl | D271: INDEC-PB - 36320-3 | E271: =IFERROR(VLOOKUP(D271,Tabla_Indices,5,FALSE),"")
A272: Matriales para conexión de gas
A273: Materiales de seguridad contra incendio | B273: gl | D273: INDEC-CM - 43923-11 | E273: =IFERROR(VLOOKUP(D273,Tabla_Indices,5,FALSE),"") -> Matafuego de polvo químico
A274: Materiales electricos bandejas, cable canal, etc | B274: gl | D274: INDEC-PB - 46112-1 | E274: =IFERROR(VLOOKUP(D274,Tabla_Indices,5,FALSE),"") -> Motores eléctricos
A275: Materiales para CANALIZACIONES | B275: GL | D275: INDEC-PB - 46212-1 | E275: =IFERROR(VLOOKUP(D275,Tabla_Indices,5,FALSE),"") -> Interruptores eléctricos
A276: Materiales para Cegado de pozos absorbentes | B276: gl | D276: INDEC-CM - 37420-11 | E276: =IFERROR(VLOOKUP(D276,Tabla_Indices,5,FALSE),"") -> Cal área hidratada
A277: Materiales para cerco perimetral | B277: ml | D277: INDEC-CM - 37510-11 | E277: =IFERROR(VLOOKUP(D277,Tabla_Indices,5,FALSE),"") -> Hormigón elaborado
A278: Materiales para lecho nitrificante ( pvc, polietileno, camaras ,etc ) | B278: gl | D278: INDEC-PB - 36320-3 | E278: =IFERROR(VLOOKUP(D278,Tabla_Indices,5,FALSE),"")
A279: Materiales para sistema comunicación interna | B279: GL | D279: INDEC-PB - 46212-1 | E279: =IFERROR(VLOOKUP(D279,Tabla_Indices,5,FALSE),"") -> Interruptores eléctricos
A280: Materiales para Sistema de CCTV | B280: GL | D280: INDEC-PB - 46212-1 | E280: =IFERROR(VLOOKUP(D280,Tabla_Indices,5,FALSE),"") -> Interruptores eléctricos
A281: materiales para sistema de colector y distribucion de agua | B281: gl | E281: =IFERROR(VLOOKUP(D281,Tabla_Indices,5,FALSE),"")
A282: Materiales para sistema de redireccionamiento | B282: GL | D282: INDEC-PB - 46212-1 | E282: =IFERROR(VLOOKUP(D282,Tabla_Indices,5,FALSE),"") -> Interruptores eléctricos
A283: Materiales para Sistema IT activo | B283: GL | D283: INDEC-PB - 46212-1 | E283: =IFERROR(VLOOKUP(D283,Tabla_Indices,5,FALSE),"") -> Interruptores eléctricos
A284: Materiales para Sistema IT pasivo | B284: GL | D284: INDEC-PB - 46212-1 | E284: =IFERROR(VLOOKUP(D284,Tabla_Indices,5,FALSE),"") -> Interruptores eléctricos
A285: Materiales para vigas , cerchas metalicas, pergolas en accesos según PETP ,Planos y notas aclaratorias ( caños laminados, perfil C, chapa, planchuelas, varillas roscadas, etc ) | B285: KG | D285: INDEC-CM - 41251-11 | E285: =IFERROR(VLOOKUP(D285,Tabla_Indices,5,FALSE),"") -> Perfil normal doble T
A286: Materiales sanitarios varios | B286: gl | D286: INDEC-PB - 36320-3 | E286: =IFERROR(VLOOKUP(D286,Tabla_Indices,5,FALSE),"")
A287: Membrana asfáltica con folio de aluminio | B287: m2 | D287: INDEC-PB - 37930-1 | E287: =IFERROR(VLOOKUP(D287,Tabla_Indices,5,FALSE),"") -> Membranas asfálticas
A288: Mesa | B288: ud | D288: INDEC-PB - 31420-1 | E288: =IFERROR(VLOOKUP(D288,Tabla_Indices,5,FALSE),"") -> Maderas terciadas fenólicas
A289: Mesada granito natural + zocalos + faldones | B289: m2 | D289: INDEC-CM - 37610-11 | E289: =IFERROR(VLOOKUP(D289,Tabla_Indices,5,FALSE),"") -> Mesada de granito
A290: mingitorio | B290: ud | D290: INDEC-CM - 37210-12 | E290: =IFERROR(VLOOKUP(D290,Tabla_Indices,5,FALSE),"") -> Inodoro de calidad media
A291: Mobiliario | B291: gl | D291: INDEC-PB - 31100-1 | E291: =IFERROR(VLOOKUP(D291,Tabla_Indices,5,FALSE),"") -> Maderas aserradas
...

Sheet Items - Códigos
B1: I | C1: OBRAS DE ARQUITECTURA
A3: 1 | B3: =CONCATENATE(B1,"-",TEXT(A3,"0000")) -> I-0001 | C3: TRABAJOS PRELIMINARES
A4: 1 | B4: =CONCATENATE($B$3,".",TEXT(A4,"0000")) -> I-0001.0001 | C4: Movilización de obra | D4: gl
A5: 2 | B5: =CONCATENATE($B$3,".",TEXT(A5,"0000")) -> I-0001.0002 | C5: Obrador | D5: gl
A6: 3 | B6: =CONCATENATE($B$3,".",TEXT(A6,"0000")) -> I-0001.0003 | C6: Cartel de obra | D6: gl
A7: 4 | B7: =CONCATENATE($B$3,".",TEXT(A7,"0000")) -> I-0001.0004 | C7: Limpieza de terreno | D7: m2
A8: 5 | B8: =CONCATENATE($B$3,".",TEXT(A8,"0000")) -> I-0001.0005 | C8: Erradicación de árboles | D8: gl
A9: 6 | B9: =CONCATENATE($B$3,".",TEXT(A9,"0000")) -> I-0001.0006 | C9: Demoliciones incluido retiro de material | D9: gl
A10: 7 | B10: =CONCATENATE($B$3,".",TEXT(A10,"0000")) -> I-0001.0007 | C10: Replanteo | D10: gl
A13: 0002 | B13: =CONCATENATE(B1,"-",A13) -> I-0002 | C13: MOVIMIENTOS DE SUELOS
A14: 0001 | B14: =CONCATENATE($B$13,".",A14) -> I-0002.0001 | C14: Relleno y compactación | D14: m3
A15: 0002 | B15: =CONCATENATE($B$13,".",A15) -> I-0002.0002 | C15: Excavación para subsuelo | D15: m3
A16: 0003 | B16: =CONCATENATE($B$13,".",A16) -> I-0002.0003 | C16: Excavación para fundaciones | D16: m3
A19: 0003 | B19: =CONCATENATE(B1,"-",A19) -> I-0003 | C19: HORMIGONES SIMPLES
A20: 0001 | B20: =CONCATENATE($B$19,".",A20) -> I-0003.0001 | C20: Hormigón de limpieza | D20: m2
A21: 0002 | B21: =CONCATENATE($B$19,".",A21) -> I-0003.0002 | C21: Hormigón para cimientos | D21: m3
A22: 0003 | B22: =CONCATENATE($B$19,".",A22) -> I-0003.0003 | C22: Contrapiso | D22: m2
A23: 0004 | B23: =CONCATENATE($B$19,".",A23) -> I-0003.0004 | C23: Contrapiso armado | D23: m2
A26: 0004 | B26: =CONCATENATE(B1,"-",A26) -> I-0004 | C26: HORMIGON ARMADO
A27: 0001 | B27: =CONCATENATE($B$26,".",A27) -> I-0004.0001 | C27: Bases | D27: m3
A28: 0002 | B28: =CONCATENATE($B$26,".",A28) -> I-0004.0002 | C28: Vigas de arriostramiento | D28: m3
A29: 0003 | B29: =CONCATENATE($B$26,".",A29) -> I-0004.0003 | C29: Vigas de fundación | D29: m3
A30: 0004 | B30: =CONCATENATE($B$26,".",A30) -> I-0004.0004 | C30: Vigas de encadenado | D30: m3
A31: 0005 | B31: =CONCATENATE($B$26,".",A31) -> I-0004.0005 | C31: Zapatas corridas
A32: 0006 | B32: =CONCATENATE($B$26,".",A32) -> I-0004.0006 | C32: Columnas de encadenado | D32: m3
A33: 0007 | B33: =CONCATENATE($B$26,".",A33) -> I-0004.0007 | C33: Vigas de carga | D33: m3
A34: 0008 | B34: =CONCATENATE($B$26,".",A34) -> I-0004.0008 | C34: Columnas de carga | D34: m3
A35: 0009 | B35: =CONCATENATE($B$26,".",A35) -> I-0004.0009 | C35: Tabiques de hormigón armado | D35: m3
A36: 0010 | B36: =CONCATENATE($B$26,".",A36) -> I-0004.0010 | C36: Losas de hormigón armado | D36: m3
A37: 0011 | B37: =CONCATENATE($B$26,".",A37) -> I-0004.0011 | C37: Losas cerámicas | D37: m2
A38: 0012 | B38: =CONCATENATE($B$26,".",A38) -> I-0004.0012 | C38: Escaleras | D38: m3
A41: 0005 | B41: =CONCATENATE(B1,"-",A41) -> I-0005 | C41: CONTRAPISOS Y CARPETAS
A42: 0001 | B42: =CONCATENATE($B$41,".",A42) -> I-0005.0001 | C42: Contrapiso e = 10 cm | D42: m2
A43: 0002 | B43: =CONCATENATE($B$41,".",A43) -> I-0005.0002 | C43: Contrapiso e = 12 cm | D43: m2
A44: 0003 | B44: =CONCATENATE($B$41,".",A44) -> I-0005.0003 | C44: Contrapiso e = 15 cm | D44: m2
A46: 0010 | B46: =CONCATENATE($B$41,".",A46) -> I-0005.0010 | C46: Contrapiso armado e = 10 cm | D46: m2
A47: 0011 | B47: =CONCATENATE($B$41,".",A47) -> I-0005.0011 | C47: Contrapiso armado e = 12 cm | D47: m2
A48: 0012 | B48: =CONCATENATE($B$41,".",A48) -> I-0005.0012 | C48: Contrapiso armado e = 15 cm | D48: m2
A50: 0021 | B50: =CONCATENATE($B$41,".",A50) -> I-0005.0021 | C50: Carpeta sobre contrapiso | D50: m2
A51: 0022 | B51: =CONCATENATE($B$41,".",A51) -> I-0005.0022 | C51: Carpeta sobre losa | D51: m2
A54: 0006 | B54: =CONCATENATE(B1,"-",A54) -> I-0006 | C54: MAMPOSTERIA
A55: 0001 | B55: =CONCATENATE($B$54,".",A55) -> I-0006.0001 | C55: Ladrillo cerámico macizo e = 0,10 m | D55: m2
A56: 0002 | B56: =CONCATENATE($B$54,".",A56) -> I-0006.0002 | C56: Ladrillo cerámico macizo e = 0,20 m | D56: m2
A57: 0003 | B57: =CONCATENATE($B$54,".",A57) -> I-0006.0003 | C57: Ladrillo cerámico macizo e = 0,30 m | D57: m2
A58: 0004 | B58: =CONCATENATE($B$54,".",A58) -> I-0006.0004 | C58: Ladrillón cerámico macizo e = 0,20 m | D58: m2
A59: 0005 | B59: =CONCATENATE($B$54,".",A59) -> I-0006.0005 | C59: Ladrillo cerámico macizo armada e = 0,10 m | D59: m2
A60: 0006 | B60: =CONCATENATE($B$54,".",A60) -> I-0006.0006 | C60: Ladrillo cerámico macizo armada e = 0,20 m | D60: m2
A61: 0007 | B61: =CONCATENATE($B$54,".",A61) -> I-0006.0007 | C61: Ladrillo cerámico macizo armada e = 0,30 m | D61: m2
A62: 0008 | B62: =CONCATENATE($B$54,".",A62) -> I-0006.0008 | C62: Ladrillón cerámico macizo armada e = 0,20 m | D62: m2
A65: 0010 | B65: =CONCATENATE($B$54,".",A65) -> I-0006.0010 | C65: Ladrillo cerámico hueco e = 0,10 m | D65: m2
A66: 0011 | B66: =CONCATENATE($B$54,".",A66) -> I-0006.0011 | C66: Ladrillo cerámico hueco e = 0,20 m | D66: m2
A68: 0020 | B68: =CONCATENATE($B$54,".",A68) -> I-0006.0020 | C68: Bloque de hormigón e = 0,10 m | D68: m2
A69: 0021 | B69: =CONCATENATE($B$54,".",A69) -> I-0006.0021 | C69: Bloque de hormigón e = 0,20 m | D69: m2
A72: 0007 | B72: =CONCATENATE("I-",A72) -> I-0007 | C72: AISLACIONES
A73: 0001 | B73: =CONCATENATE($B$72,".",A73) -> I-0007.0001 | C73: Capa aisladora Vertical | D73: m2
A74: 0002 | B74: =CONCATENATE($B$72,".",A74) -> I-0007.0002 | C74: Capa aisladora horizontal | D74: m2
A75: 0003 | B75: =CONCATENATE($B$72,".",A75) -> I-0007.0003 | C75: Blindaje de plomo para rayos | D75: m2
A76: 0004 | B76: =CONCATENATE($B$72,".",A76) -> I-0007.0004 | C76: Aislación contra el salitre | D76: m2
A79: 0008 | B79: =CONCATENATE("I-",A79) -> I-0008 | C79: REVOQUES Y ENLUCIDOS
A80: 0001 | B80: =CONCATENATE($B$79,".",A80) -> I-0008.0001 | C80: Revoque grueso interior | D80: m2
A81: 0002 | B81: =CONCATENATE($B$79,".",A81) -> I-0008.0002 | C81: Revoque grueso impermeable b/ revestimiento | D81: m2
A82: 0003 | B82: =CONCATENATE($B$79,".",A82) -> I-0008.0003 | C82: Enlucido interior | D82: m2
A83: 0004 | B83: =CONCATENATE($B$79,".",A83) -> I-0008.0004 | C83: Enlucido exterior | D83: m2
A86: 0009 | B86: =CONCATENATE("I-",A86) -> I-0009 | C86: CUBIERTA DE TECHO
A87: 0001 | B87: =CONCATENATE($B$86,".",A87) -> I-0009.0001 | C87: Cubierta de techo inaccesible | D87: m2
A88: 0002 | B88: =CONCATENATE($B$86,".",A88) -> I-0009.0002 | C88: Cubierta de techo accesible | D88: m2
A91: 0010 | B91: =CONCATENATE("I-",A91) -> I-0010 | C91: CIELORRASOS
A92: 0001 | B92: =CONCATENATE($B$91,".",A92) -> I-0010.0001 | C92: Cielorraso aplicado de yeso | D92: m2
A93: 0002 | B93: =CONCATENATE($B$91,".",A93) -> I-0010.0002 | C93: Cielorraso aplicado a la cal | D93: m2
A94: 0003 | B94: =CONCATENATE($B$91,".",A94) -> I-0010.0003 | C94: Cielorraso suspendido placa roca de yeso junta tomada | D94: m2
A95: 0004 | B95: =CONCATENATE($B$91,".",A95) -> I-0010.0004 | C95: Cielorraso suspendido placa roca de yeso desmontable | D95: m2
A96: 0005 | B96: =CONCATENATE($B$91,".",A96) -> I-0010.0005 | C96: Cielorraso suspendido placa roca de yeso locales húmedos | D96: m2
A97: 0006 | B97: =CONCATENATE($B$91,".",A97) -> I-0010.0006 | C97: Cielorraso suspendido placa cementicia | D97: m2
A98: 0007 | B98: =CONCATENATE($B$91,".",A98) -> I-0010.0007 | C98: Cielorraso modular metálico ( c/ aislación acústica ) | D98: m2
A101: 0011 | B101: =CONCATENATE("I-",A101) -> I-0011 | C101: REVESTIMIENTOS
A102: 0001 | B102: =CONCATENATE($B$101,".",A102) -> I-0011.0001 | C102: Revestimiento cerámico | D102: m2
A103: 0002 | B103: =CONCATENATE($B$101,".",A103) -> I-0011.0002 | C103: Revestimiento porcelanato | D103: m2
A104: 0003 | B104: =CONCATENATE($B$101,".",A104) -> I-0011.0003 | C104: Revestimiento de piedra | D104: m2
A105: 0004 | B105: =CONCATENATE($B$101,".",A105) -> I-0011.0004 | C105: Revestimiento plástico | D105: m2
A106: 0005 | B106: =CONCATENATE($B$101,".",A106) -> I-0011.0005 | C106: Revestimiento vinílico | D106: m2
A109: 0012 | B109: =CONCATENATE("I-",A109) -> I-0012 | C109: TABIQUE CONSTRUCCIÓN EN SECO
A110: 0001 | B110: =CONCATENATE($B$109,".",A110) -> I-0012.0001 | C110: Tabique placa roca de yeso | D110: m2
A111: 0002 | B111: =CONCATENATE($B$109,".",A111) -> I-0012.0002 | C111: Tabique placa roca de yeso para sanitario | D111: m2
A112: 0003 | B112: =CONCATENATE($B$109,".",A112) -> I-0012.0003 | C112: Tabique medio forro de placa de yeso | D112: m2
A113: 0004 | B113: =CONCATENATE($B$109,".",A113) -> I-0012.0004 | C113: Tabique medio forro de placa de yeso para sanitario | D113: m2
A114: 0005 | B114: =CONCATENATE($B$109,".",A114) -> I-0012.0005 | C114: Tabique placa cementicia | D114: m2
A115: 0006 | B115: =CONCATENATE($B$109,".",A115) -> I-0012.0006 | C115: Tabique estructura aluminio y placas madera | D115: m2
A118: 0013 | B118: =CONCATENATE("I-",A118) -> I-0013 | C118: PISOS Y ZOCALOS
A119: 0001 | B119: =CONCATENATE($B$118,".",A119) -> I-0013.0001 | C119: Piso granítico | D119: m2
A120: 0002 | B120: =CONCATENATE($B$118,".",A120) -> I-0013.0002 | C120: Piso técnico | D120: m2
A121: 0003 | B121: =CONCATENATE($B$118,".",A121) -> I-0013.0003 | C121: Piso granito natural | D121: m2
A122: 0004 | B122: =CONCATENATE($B$118,".",A122) -> I-0013.0004 | C122: Piso cemento rodillado | D122: m2
A123: 0005 | B123: =CONCATENATE($B$118,".",A123) -> I-0013.0005 | C123: Piso cemento alisado | D123: m2
A124: 0006 | B124: =CONCATENATE($B$118,".",A124) -> I-0013.0006 | C124: Piso baldosas piedra lavada | D124: m2
A125: 0007 | B125: =CONCATENATE($B$118,".",A125) -> I-0013.0007 | C125: Piso baldosa cerámica | D125: m2
A126: 0008 | B126: =CONCATENATE($B$118,".",A126) -> I-0013.0008 | C126: Pavimentos de HºAº | D126: m2
A128: 0010 | B128: =CONCATENATE($B$118,".",A128) -> I-0013.0010 | C128: Zócalo granítico | D128: m2
A129: 0011 | B129: =CONCATENATE($B$118,".",A129) -> I-0013.0011 | C129: Zócalo calcáreo | D129: m2
A130: 0012 | B130: =CONCATENATE($B$118,".",A130) -> I-0013.0012 | C130: Zócalo granito natural | D130: m2
A131: 0013 | B131: =CONCATENATE($B$118,".",A131) -> I-0013.0013 | C131: Zócalo hormigón | D131: m2
...

Sheet Números a Letras
A1: 0 | F1: SON PESOS: | G1: =Monto_Oferta -> 0
A2: 00 | F2: =IF(LEFT(FIXED(G1,2,TRUE),1)="-","MENOS ","") | G2: =FIXED(ABS(G1),2,TRUE) -> 0,00
F5: =IF(LEN($G$2)-15<0,"0",MID(($G$2),LEN($G$2)-15+1,1)) -> 0 | G5: =IF(AND(A10="1",A11="00"),"CIEN ",VLOOKUP(F5,$A1:$E47,4))
F6: =IF(LEN($G$2)-14<0,"0",MID(($G$2),LEN($G$2)-14+1,2)) -> 0 | G6: =IF(LEFT(F6,1)="0","",IF(VALUE(F6)>29,VLOOKUP(LEFT(F6,1),A1:E47,3),VLOOKUP(F6,A1:E47,5)))
F7: =IF(LEN($G$2)-13<0,"0",MID(($G$2),LEN($G$2)-13+1,1)) -> 0 | G7: =IF(AND(VALUE(F6)>30,MID(F6,2,1)<>"0"),"Y ","")
F8: =IF(LEN($G$2)-13<0,"0",MID(($G$2),LEN($G$2)-13+1,1)) -> 0 | G8: =IF(OR(VALUE(F6)<=9,VALUE(F6)=0),VLOOKUP(F8,A1:E47,5),IF(VALUE(F6)>29,VLOOKUP(MID(F6,2,1),A1:E47,5),""))
F9: =IF(AND(AND(F5="0",F6="0"),F8="0"),"0",IF(AND(AND(F8="1",F5="0"),F6="0"),"1","2")) -> 0 | G9: =IF(F9="0","",IF(F9="1","MIL ","MIL "))
A10: 01 | B10: UNO | E10: UNO | F10: =IF(LEN(G2)-12<0,"0",MID((G2),LEN(G2)-12+1,1)) -> 0 | G10: =IF(AND(F10="1",F11="00"),"CIEN ",VLOOKUP(F10,A1:E47,4))
A11: 02 | B11: DOS | E11: DOS | F11: =IF(LEN(G2)-11<0,"0",MID((G2),LEN(G2)-11+1,2)) -> 0 | G11: =IF(LEFT(F11,1)="0","",IF(VALUE(F11)>29,VLOOKUP(LEFT(F11,1),A1:E47,3),VLOOKUP(F11,A1:E47,5)))
A12: 03 | B12: TRES | E12: TRES | F12: =IF(LEN(G2)-10<0,"0",MID((G2),LEN(G2)-10+1,1)) -> 0 | G12: =IF(AND(VALUE(F11)>30,MID(F11,2,1)<>"0"),"Y ","")
A13: 04 | B13: CUATRO | E13: CUATRO | F13: =IF(LEN(G2)-10<0,"0",MID((G2),LEN(G2)-10+1,1)) -> 0 | G13: =IF(OR(VALUE(F11)<=9,VALUE(F11)=0),VLOOKUP(F13,A1:E47,5),IF(VALUE(F11)>29,VLOOKUP(MID(F11,2,1),A1:E47,5),""))
A14: 05 | B14: CINCO | E14: CINCO | F14: =IF(AND(AND(F10="0",F11="0"),F13="0"),"0",IF(AND(AND(F13="1",F10="0"),F11="0"),"1","2")) -> 0 | G14: =IF(F14="0","",IF(F14="1","MILLON ","MILLONES "))
A15: 06 | B15: SEIS | E15: SEIS | F15: =IF(LEN(G2)-9<0,"0",MID((G2),LEN(G2)-9+1,1)) -> 0 | G15: =IF(AND(F15="1",F16="00"),"CIEN",VLOOKUP(F15,A1:E47,4))
A16: 07 | B16: SIETE | E16: SIETE | F16: =IF(LEN(G2)-8<0,"0",MID((G2),LEN(G2)-8+1,2)) -> 0 | G16: =IF(LEFT(F16,1)="0","",IF(VALUE(F16)>29,VLOOKUP(LEFT(F16,1),A1:E47,3),VLOOKUP(F16,A1:E47,5)))
A17: 08 | B17: OCHO | E17: OCHO | F17: =IF(LEN(G2)-7<0,"0",MID((G2),LEN(G2)-7+1,1)) -> 0 | G17: =IF(AND(VALUE(F16)>30,MID(F16,2,1)<>"0"),"Y ","")
A18: 09 | B18: NUEVE | E18: NUEVE | G18: =IF(OR(VALUE(F16)<=9,VALUE(F16)=0),VLOOKUP(F17,A1:E47,5),IF(VALUE(F16)>29,VLOOKUP(MID(F16,2,1),A1:E47,5),""))
A19: 1 | B19: UNO | C19: DIEZ | D19: CIENTO | E19: UN | F19: =IF(AND(AND(F15="0",VALUE(F16)=0),F17="0"),"0",IF(F17="1","1","2")) -> 0 | G19: =IF(F19="0","","MIL ")
A20: 10 | B20: DIEZ | E20: DIEZ | F20: =IF(LEN(G2)-6<0,"0",MID((G2),LEN(G2)-6+1,1)) -> 0 | G20: =IF(AND(F20="1",F21="00"),"CIEN ",VLOOKUP(F20,A1:E47,4))
A21: 11 | B21: ONCE | E21: ONCE | F21: =IF(LEN(G2)-5<0,"0",MID((G2),LEN(G2)-5+1,2)) -> 0 | G21: =IF(LEFT(F21,1)="0","",IF(VALUE(F21)>29,VLOOKUP(LEFT(F21,1),A1:E47,3,FALSE),VLOOKUP(F21,A1:E47,2,FALSE)))
A22: 12 | B22: DOCE | E22: DOCE | G22: =IF(AND(VALUE(F21)>30,MID(F21,2,1)<>"0"),"Y ","")
A23: 13 | B23: TRECE | E23: TRECE | F23: =IF(LEN(G2)-4<0,"0",MID((G2),LEN(G2)-4+1,1)) -> 0 | G23: =IF(OR(VALUE(F21)<=9,VALUE(F21)=0),VLOOKUP(F23,A1:E47,2),IF(VALUE(F21)>29,VLOOKUP(MID(F21,2,1),A1:E47,2),""))
A24: 14 | B24: CATORCE | E24: CATORCE | G24: =IF(TRUNC(G1)=0,"CERO ","") -> CERO
A25: 15 | B25: QUINCE | E25: QUINCE | G25: CON
A26: 16 | B26: DIECISEIS | E26: DIECISEIS | G26: =RIGHT(G2,2) -> 00
A27: 17 | B27: DIECISIETE | E27: DIECISIETE | G27: /100.-
A28: 18 | B28: DIECIOCHO | E28: DIECIOCHO
A29: 19 | B29: DIECINUEVE | E29: DIECINUEVE
A30: 2 | B30: DOS | C30: VEINTE | D30: DOSCIENTOS | E30: DOS
A31: 20 | B31: VEINTE | E31: VEINTE
A32: 21 | B32: VEINTIUNO | E32: VEINTIUN
A33: 22 | B33: VEINTIDOS | E33: VEINTIDOS
A34: 23 | B34: VEINTITRES | E34: VEINTITRES
A35: 24 | B35: VEINTICUATRO | E35: VEINTICUATRO
A36: 25 | B36: VEINTICINCO | E36: VEINTICINCO
A37: 26 | B37: VEINTISEIS | E37: VEINTISEIS
A38: 27 | B38: VEINTISIETE | E38: VEINTISIETE
A39: 28 | B39: VEINTIOCHO | E39: VEINTIOCHO
A40: 29 | B40: VEINTINUEVE | E40: VEINTINUEVE
A41: 3 | B41: TRES | C41: TREINTA | D41: TRESCIENTOS | E41: TRES
A42: 4 | B42: CUATRO | C42: CUARENTA | D42: CUATROCIENTOS | E42: CUATRO
A43: 5 | B43: CINCO | C43: CINCUENTA | D43: QUINIENTOS | E43: CINCO
A44: 6 | B44: SEIS | C44: SESENTA | D44: SEISCIENTOS | E44: SEIS
A45: 7 | B45: SIETE | C45: SETENTA | D45: SETECIENTOS | E45: SIETE
A46: 8 | B46: OCHO | C46: OCHENTA | D46: OCHOCIENTOS | E46: OCHO
A47: 9 | B47: NUEVE | C47: NOVENTA | D47: NOVECIENTOS | E47: NUEVE
A53: =TRIM(+F1&F2&G5&G6&G7&G8&G9&G10&G11&G12&G13&G14&G15&G16&G17&G18&G19&G20&G21&G22&G23&G24&G25&G26&G27) -> SON PESOS: CERO CON 00/100.-
